 Dungeon Crawl Stone Soup version 0.31-a0-1042-ga9834b393d (webtiles) character file.

Game seed: 4286400594314074199

1570175 MackTheKnife the Artisan of Death (level 26, 206/256 HPs)
             Began as a Hill Orc Necromancer on Nov 20, 2023.
             Was a Priest of Kikubaaqudgha.
             Escaped with the Orb
             ... and 3 runes!
             The game lasted 03:00:47 (75239 turns).

MackTheKnife the Artisan of Death (HONe)           Turns: 75239, Time: 03:00:47

Health: 206/256    AC: 27    Str: 15    XL:     26   Next: 69%
Magic:  37/37      EV: 17    Int: 24    God:    Kikubaaqudgha [***...]
Gold:   3095       SH: 35    Dex: 15    Spells: 1/45 levels left

rFire   + . .        m - +7 quick blade (chaos) {short}
rCold   + + +        T - +5 tower shield
rNeg    + . .        f - +4 faerie dragon scales {rC+ rN+ Will+ rCorr}
rPois   .            n - +2 hat "Nerowni" {Rampage rElec rC+ rCorr}
rElec   +            V - scarf {rC+ rF+}
rCorr   +            i - +1 pair of gloves of Painted Tender Moments {rF+ rCorr}
SInv    +            r - +3 pair of seven-league boots {Rampage+∞}
Will    ++++.        s - amulet of Xom's Capriciousness {Reflect *Corrode rElec Will+ Int+5 SH+5}
Stlth   +            o - ring of see invisible
HPRegen 0.62/turn    h - +4 ring of protection
MPRegen 0.25/turn

%: corrode self (3%), reflection, rampage+∞
@: studying Axes
A: horns 1, large bone plates 1, strong-willed 1, heat vulnerability 1
0: Orb of Zot
}: 3/15 runes: barnacled, silver, gossamer
a: Renounce Religion, Unearth Wretches


You escaped.
You worshipped Kikubaaqudgha.
Kikubaaqudgha was most pleased with you.
You visited 10 branches of the dungeon, and saw 48 of its levels.
You also visited: Ossuary, Gauntlet and Volcano.

You collected 6499 gold pieces.
You spent 3404 gold pieces at shops.


Innate Abilities, Weirdness & Mutations

You have a pair of small horns on your head.
You are partially covered in large bone plates. (SH +4)
You are strong-willed. (Will+)
You are vulnerable to heat. (rF-)


   Skills:
 - Level 24.4 Fighting
 - Level 14.0 Short Blades
 - Level 10.0 Staves
 + Level 15.7 Armour
 + Level 12.8 Dodging
 - Level 7.0 Stealth
 - Level 20.0 Shields
 - Level 10.0 Spellcasting
 - Level 4.0 Hexes
 - Level 25.0 Necromancy
 - Level 10.0 Earth Magic
 - Level 8.0 Evocations


You had one spell level left.
You knew the following spells:

 Your Spells              Type           Power      Damage    Failure   Level
a - Dispel Undead         Necr           93%        3d29      0%          4
b - Vampiric Draining     Necr           93%        2d12      0%          3
c - Borgnjor's Vile Clut  Necr/Erth      38%        N/A       1%          5
d - Infestation           Necr           46%        N/A       3%          8
e - Anguish               Hex/Necr       34%        N/A       1%          4
f - Borgnjor's Revivific  Necr           46%        N/A       3%          8
g - Sublimation of Blood  Necr           93%        N/A       0%          2
A - Animate Dead          Necr           93%        N/A       0%          4
B - Death Channel         Necr           46%        N/A       1%          6

Your spell library contained the following spells:

 Spells                   Type           Power      Damage    Failure   Level
 Necrotise                Necr           100%       1d9       0%          1
 Sandblast                Erth           100%       2d20      1%          1
 Slow                     Hex            100%       N/A       2%          1
 Apportation              Tloc           24%        N/A       14%         1
 Foxfire                  Conj/Fire      48%        2x1d6     14%         1
 Magic Dart               Conj           48%        1d5       14%         1
 Sting                    Tmut/Pois      48%        1d5       14%         1
 Summon Small Mammal      Summ           48%        N/A       14%         1
 Agony                    Necr           93%        N/A       0%          5
 Cigotuvi's Dreadful Rot  Necr/Pois/Air  100%       N/A       1%          2
 Passwall                 Tmut/Erth      30%        N/A       2%          2
 Stone Arrow              Conj/Erth      72%        3d11      5%          3
 Lee's Rapid Deconstruct  Erth           28%        3d15*     6%          5
 Confusing Touch          Hex            31%        N/A       8%          3
 Sigil of Binding         Hex            31%        N/A       8%          3
 Leda's Liquefaction      Hex/Erth       22%        N/A       8%          4
 Ensorcelled Hibernation  Hex/Ice        42%        N/A       9%          2
 Simulacrum               Ice/Necr       32%        N/A       12%         6
 Animate Armour           Summ/Erth      72%        N/A       17%         4
 Brom's Barrelling Bould  Conj/Erth      36%        2d6       17%         4
 Petrify                  Tmut/Erth      36%        N/A       17%         4
 Dazzling Flash           Conj/Hex       42%        N/A       19%         3
 Inner Flame              Hex/Fire       21%        N/A       19%         3
 Summon Guardian Golem    Hex/Summ       21%        N/A       19%         3
 Call Imp                 Summ           24%        N/A       21%         2
 Momentum Strike          Conj/Tloc      24%        3d8       21%         2
 Poisonous Vapours        Pois/Air       24%        N/A       21%         2
 Static Discharge         Conj/Air       24%        3-4/arc   21%         2
 Wereblood                Tmut           12%        N/A       21%         2
 Frozen Ramparts          Ice            24%        1d4       38%         3
 Mephitic Cloud           Conj/Pois/Air  12%        N/A       38%         3
 Swiftness                Air            12%        N/A       38%         3
 Death's Door             Necr           46%        N/A       43%         9
 Dimensional Bullseye     Hex/Tloc       10%        N/A       52%         4
 Haunt                    Necr/Summ      32%        N/A       56%         7
 Airstrike                Air            6%         2d(1-17)  80%         4
 Manifold Assault         Tloc           12%        N/A       80%         4
 Olgreb's Toxic Radiance  Pois           12%        N/A       80%         4
 Summon Lightning Spire   Summ/Air       12%        N/A       80%         4
 Metabolic Englaciation   Hex/Ice        10%        N/A       86%         5
 Silence                  Hex/Air        10%        N/A       86%         5
 Yara's Violent Unravell  Hex/Tmut       10%        3d6       86%         5
 Bombard                  Conj/Erth      18%        9d4       95%         6
 Irradiate                Conj/Tmut      6%         3d13      98%         5
 Dispersal                Tloc           6%         N/A       100%        6
 Plasma Beam              Fire/Air       6%         2x1d16    100%        6
 Starburst                Conj/Fire      6%         6d4       100%        6
 Enfeeble                 Hex            15%        N/A       100%        7
 Orb of Destruction       Conj           6%         9d6       100%        7
 Spellforged Servitor     Conj/Summ      6%         N/A       100%        7
 Summon Hydra             Summ           6%         N/A       100%        7
 Discord                  Hex            15%        N/A       100%        8
 Disjunction              Tloc           6%         N/A       100%        8
 Ignition                 Fire           6%         3d4       100%        8
 Lehudib's Crystal Spear  Conj/Erth      18%        10d5      100%        8
 Chain Lightning          Conj/Air       6%         3d8       100%        9
 Fire Storm               Conj/Fire      6%         8d2       100%        9
 Shatter                  Erth           28%        3d23*     100%        9

Inventory:

Hand Weapons
 m - a +7 quick blade of chaos (weapon) {short}
   (You took it off a spriggan defender on level 1 of the Depths)
 y - the +3 rapier of the Ring {drain, Contam rCorr Str+9 Dex+3, short}
   (You bought it in a shop on level 15 of the Dungeon)

   Str+9:     It affects your strength (+9).
   Dex+3:     It affects your dexterity (+3).
   Contam:    It causes magical contamination when unequipped.
   rCorr:     It protects you from acid and corrosion.
Armour
 f - the +4 faerie dragon scales (worn) {rC+ rN+ Will+ rCorr}
   (You took it off the Enchantress on level 2 of the Depths)

   rC+:       It protects you from cold.
   rN+:       It protects you from negative energy.
   Will+:     It increases your willpower.
   rCorr:     It protects you from acid and corrosion.
 i - the +1 pair of gloves of Painted Tender Moments (worn) {rF+ rCorr}
   (You found it on level 3 of the Elven Halls)

   rF+:       It protects you from fire.
   rCorr:     It protects you from acid and corrosion.
 n - the +2 hat "Nerowni" (worn) {Rampage rElec rC+ rCorr}
   (You acquired it on level 4 of the Vaults)

   rC+:       It protects you from cold.
   rElec:     It insulates you from electricity.
   rCorr:     It protects you from acid and corrosion.
   Rampage:   It bestows one free step when moving towards enemies.
 r - the +3 pair of seven-league boots (worn) {Rampage+∞}
   (You found it on level 1 of the Lair of Beasts)

   Rampage+∞: When moving toward enemies, its wearer moves as far as possible,
   alerting their target en route.
 v - a +2 cloak of willpower
   (You took it off a draconian shifter on level 4 of the Depths)
 I - the +2 hat of the Bear Spirit {Spirit, Bear, *Rage Will++}
   (You found it on level 3 of the Elven Halls)

   Bear:      Going berserk makes the wearer exceptionally tough, and they are
   slowed for a shorter time afterward.
   Will++:    It greatly increases your willpower.
   *Rage:     It berserks you when you make melee attacks (+20% chance).
 T - a +5 tower shield (worn)
   (You took it off a vault warden on level 2 of the Vaults)
 V - a scarf of resistance (worn)
   (You found it on level 4 of the Spider Nest)
Magical Staves
 O - a staff of death {staff}
   (You acquired it on level 10 of the Dungeon)
Jewellery
 h - a +4 ring of protection (right hand)
   (You found it in a Gauntlet)
 l - a ring of poison resistance
   (You found it on level 2 of the Dungeon)
 o - a ring of see invisible (left hand)
   (You took it off a yaktaur captain on level 2 of the Vaults)
 s - the amulet of Xom's Capriciousness (around neck) {Reflect *Corrode rElec Will+ Int+5 SH+5}
   (You took it off a deep elf sorcerer on level 3 of the Elven Halls)

   [amulet of reflection]

   Reflect:   It reflects blocked missile attacks.
   Int+5:     It affects your intelligence (+5).
   rElec:     It insulates you from electricity.
   Will+:     It increases your willpower.
   *Corrode:  It may corrode you when you take damage.
   SH+5:      It affects your SH (+5).
Wands
 c - a wand of mindburst (23)
   (You found it on level 2 of the Elven Halls)
 q - a wand of roots (40)
   (You found it on level 9 of the Dungeon)
 t - a wand of digging (23)
   (You found it on level 2 of the Dungeon)
 A - a wand of flame (74)
   (You found it on level 13 of the Dungeon)
 F - a wand of quicksilver (18)
   (You found it on level 3 of the Elven Halls)
 M - a wand of charming (40)
   (You found it on level 9 of the Dungeon)
 Q - a wand of polymorph (52)
   (You found it on level 9 of the Dungeon)
Scrolls
 d - 5 scrolls of amnesia
 e - 11 scrolls of teleportation {@r4}
 g - 7 scrolls of vulnerability {!r!r}
 u - 6 scrolls of fear
 w - 7 scrolls of fog
 z - 7 scrolls of revelation
 D - 4 scrolls of blinking {!r}
 E - 2 scrolls of torment {!r}
 H - 6 scrolls of butterflies
 S - 5 scrolls of poison {!r}
 U - 4 scrolls of immolation {!r!r}
 Z - a scroll of silence {!r}
Potions
 a - a potion of resistance
 b - 2 potions of magic
 j - 2 potions of ambrosia
 k - 12 potions of enlightenment
 p - 17 potions of curing {@q1}
 B - 6 potions of mutation {!q}
 C - 5 potions of might
 G - a potion of cancellation
 J - 12 potions of heal wounds {@q2}
 N - 4 potions of brilliance
 R - a potion of invisibility
 W - 2 potions of haste {@q3}
Miscellaneous
 x - a tin of tremorstones (2/2) {throwing}
   (You found it on level 4 of the Shoals)
 K - a phial of floods
   (You found it on level 2 of the Vaults)
 L - a phantom mirror
   (You found it on level 4 of the Shoals)
 P - a sack of spiders
   (You found it on level 1 of the Spider Nest)

Dungeon Overview and Level Annotations

Branches:
Dungeon (15/15)            Temple (0/1) D:5            Lair (5/5) D:9
 Shoals (4/4) Lair:2       Spider (4/4) Lair:3        Slime (1/5) Lair:5
    Orc (2/2) D:10            Elf (3/3) Orc:2        Vaults (5/5) D:14
  Crypt (0/3) Vaults:2     Depths (4/4) D:15            Zot (5/5) Depths:4
Ossuary (visited)         Volcano (visited)         Gauntlet (visited)

Altars:
Elyvilon
Hepliaklqana
Kikubaaqudgha
Makhleb
Nemelex Xobeh
Ru
Sif Muna
Trog
Vehumet
Wu Jian
Xom
Yredelemnul
Zin
The Shining One
Beogh
Jiyva

Shops:
D:3 [   D:6 :?   D:11 =   D:15 (   Orc:2 ([[[   Shoals:3 ?   Vaults:2 [
Vaults:4 (   Vaults:5 !!??   Depths:2 :=:

Portals:
Hell: Depths:1 Depths:2 Depths:3 Depths:4
Abyss: Depths:2 Depths:3
Pandemonium: Depths:2

Annotations:
D:8 exclusion: sky beast
D:14 2 transporters, Pegamuym's ghost, journeyman DjCj
Shoals:3 Ilsuiw
Shoals:4 exclusion: upstairs
Elf:2 3 runed translucent doors
Vaults:4 2 runed translucent doors, Ymilidghe's ghost, adept TrGl
Depths:3 exclusion: shining eye
Zot:5 exclusion: 3 upstairs

#.............##......#####..
#.######.....###2...##.....##
##.## #.....##....##########
##.#.## ####.###...##...#
#.###.# ##.#.#...####.##
##.#.## ##.####..##
#...###### ##.## ##.## #..##
#...#..... #.# #.## ##.##
#......... #.# ##.###@##
##..#..... #.# ##.#####
#..###### #.# ##.#..# #..#
#.# ##.#.#######..# #.#####
###...>......#### #.....#
###...........###
#####.#########.#####.###.##.
#.##........# #.# #....
#.##.######## ##.###....


You could see a lorocyproca (invisible).


Message History

You block the sun demon's attack.
The sun demon attacks as it pursues you!
You block the sun demon's attack.
There is a stone staircase leading up here.
You block the sun demon's attack.
You climb upwards.
There is a stone staircase leading down here.
Unknown command.
You hit the sun demon but do no damage. You closely miss the sun demon.
You headbutt the sun demon, but do no damage.
You block the sun demon's attack.
You hit the sun demon but do no damage. You headbutt the sun demon.
You hit the sun demon but do no damage.
You headbutt the sun demon, but do no damage.
The sun demon hits you!
You are engulfed in flames.
You resist. 😕 HP[-20]
You take 20 damage, and now have 236/256 hp.
You closely miss the sun demon.
You headbutt the sun demon, but do no damage.
You hit the sun demon but do no damage.
You headbutt the sun demon, but do no damage.
You block the sun demon's attack.
You hit the sun demon. You freeze the sun demon.
You hit the sun demon but do no damage. You headbutt the sun demon!
You hit the sun demon. Your headbutt misses the sun demon.
You hit the sun demon.
The sun demon seems to speed up.
The sun demon blinks! 😕 HP[+1]
You hit the sun demon.
You headbutt the sun demon, but do no damage.
You hit the sun demon.
The sun demon convulses.
You headbutt the sun demon, but do no damage.
You block the sun demon's attack. x2 😕 HP[+1]
You hit the sun demon. Your headbutt misses the sun demon.
You hit the sun demon but do no damage. You headbutt the sun demon.
The sun demon hits you but does no damage.
You barely miss the sun demon. You headbutt the sun demon.
You hit the sun demon. You freeze the sun demon.
Your headbutt misses the sun demon. You block the sun demon's attack.
You hit the sun demon but do no damage.
You headbutt the sun demon, but do no damage.
You hit the sun demon.
You kill the sun demon!
Kikubaaqudgha accepts your kill. 😕 HP[+1] 😕 HP[+1] 😕 HP[+1] 😕 HP[+1] 😕 HP[+1]
Aiming: Dig
Press: ? - help, Shift-Dir - straight line, f - you Please select a direction to dig.
This square is covered in magical glow.
Okay, then.
Unknown command.
Aiming: Dig
Press: ? - help, Shift-Dir - straight line A rock wall.
This square is covered in magical glow.
The rock shatters into small pieces. 😕 HP[+1]
What level of the Dungeon? (default 1, ? - help)
A Brimstone Fiend comes into view.
The Brimstone Fiend roars!
There is a stone staircase leading up here. 😕 HP[+1]
The Brimstone Fiend calls on the powers of darkness!
Your body is wracked with pain!
You climb upwards.
There is a stone staircase leading down here. 😮 HP[-107]
You take 107 damage, and now have 138/256 hp.
MASSIVE DAMAGE!! (PAUSE) Unknown command.
You feel much better. 😮 HP[+14]
You regained 14 hp, and now have 152/256 hp.
You feel much better. 😮 HP[+20]
You regained 20 hp, and now have 172/256 hp. 😮 HP[+1]
There is a stone staircase leading up here.
You climb upwards.
There is a stone staircase leading down here. 😮 HP[+2]
You regained 2 hp, and now have 175/256 hp.
What level of the Dungeon? (default 1, ? - help)
There is a stone staircase leading up here.
You climb upwards.
There is a stone staircase leading down here. 😮 HP[+4]
You regained 4 hp, and now have 179/256 hp.
A lorocyproca comes into view. 😕 HP[+25]
You regained 25 hp, and now have 204/256 hp.
The lorocyproca moves out of view. 😕 HP[+1]
There is a staircase leading out of the dungeon here. 😕 HP[+1]
You have escaped!

Skill      XL: |  1  2  3  4  5  6  7  8  9 10 11 12 13 14 15 16 17 18 19 20 21 22 23 24 25 26 |
---------------+-------------------------------------------------------------------------------+-----
Fighting       | 1 2 3 4 5 6 8 10 12 14 15 16 18 20 22 24 | 24.4
Necromancy     | 5 6 7 9 10 11 12 14 15 17 19 20 21 23 25 | 25.0
Dodging        | 5 7 10 12 | 12.8
Stealth        | 2 4 7 |  7.0
Spellcasting   | 6 8 10 | 10.0
Short Blades   | 2 6 8 10 13 14 | 14.0
Evocations     | 6 8 |  8.0
Staves         | 4 6 9 10 | 10.0
Earth Magic    | 7 8 10 | 10.0
Shields        | 10 14 15 17 20 | 20.0
Armour         | 4 9 10 11 13 15 | 15.7
Hexes          | 4 |  4.0

Action                     |  1- 3 |  4- 6 |  7- 9 | 10-12 | 13-15 | 16-18 | 19-21 | 22-24 | 25-27 || total
---------------------------+-------+-------+-------+-------+-------+-------+-------+-------+-------++-------
  Melee: Dagger            |    15 |       |       |       |       |       |       |       |       ||    15
         Quarterstaff      |       |    10 |   173 |       |       |       |       |       |       ||   183
         Mace              |       |    12 |    30 |       |       |       |       |       |       ||    42
         Short sword       |       |       |    49 |   337 |       |       |       |       |       ||   386
         Punch             |       |       |     1 |     9 |    15 |       |       |       |       ||    25
         Staff             |       |       |       |   127 |   835 |       |    20 |     6 |       ||   988
         Rapier            |       |       |       |       |       |  1104 |   993 |   651 |       ||  2748
         Hand axe          |       |       |       |       |       |       |   244 |       |       ||   244
         Headbutt          |       |       |       |       |       |       |   118 |   984 |   393 ||  1495
         Quick blade       |       |       |       |       |       |       |       |  1725 |  1091 ||  2816
   Cast: Necrotise         |    44 |   101 |    76 |    75 |       |       |       |       |       ||   296
         Vampiric Draining |       |     3 |    22 |   121 |    35 |     9 |     2 |       |       ||   192
         Animate Dead      |       |       |     5 |     8 |    18 |    22 |    21 |       |     2 ||    76
         Borgnjor's Vile C |       |       |       |     6 |    95 |   186 |   197 |    93 |    38 ||   615
         Anguish           |       |       |       |     1 |     2 |     7 |     6 |     1 |       ||    17
         Death Channel     |       |       |       |       |    25 |    38 |    38 |    23 |    15 ||   139
         Dispel Undead     |       |       |       |       |     3 |       |     2 |    14 |    34 ||    53
         Infestation       |       |       |       |       |       |       |     8 |    38 |    31 ||    77
 Invoke: Unearth Wretches  |       |       |     3 |     6 |     7 |    17 |    16 |    19 |    20 ||    88
         Receive Forbidden |       |       |       |       |     1 |       |       |       |       ||     1
  Evoke: Wand              |       |     4 |    13 |     5 |     2 |    23 |     9 |     3 |     6 ||    65
         Sack of spiders   |       |       |       |       |       |     4 |     2 |     1 |       ||     7
         Phial of floods   |       |       |       |       |       |       |     1 |       |       ||     1
    Use: Potion            |       |     1 |       |       |     4 |     3 |     7 |     9 |    25 ||    49
         Scroll            |       |       |    17 |     5 |    11 |     3 |    19 |    10 |     9 ||    74
   Stab: Sleeping          |       |       |     2 |     2 |     4 |     9 |     5 |     4 |     1 ||    27
         Paralysed         |       |       |     1 |     1 |     1 |     2 |     3 |    10 |     4 ||    22
         Distracted        |       |       |       |     4 |    11 |    26 |    24 |    16 |    10 ||    91
         Invisible         |       |       |       |       |       |     9 |       |     1 |       ||    10
         Held in net/web   |       |       |       |       |       |     1 |       |       |       ||     1
         Confused          |       |       |       |       |       |       |       |    17 |    17 ||    34
         Petrifying        |       |       |       |       |       |       |       |     2 |       ||     2
 Armour: Robe              |    22 |    34 |   236 |   126 |       |       |       |       |       ||   418
         Animal skin       |       |       |       |   306 |   669 |   681 |   504 |    14 |       ||  2174
         Acid dragon scale |       |       |       |       |       |       |       |   557 |   270 ||   827
  Dodge: Dodged            |    24 |    38 |   200 |   339 |   492 |   485 |   245 |   293 |   100 ||  2216
  Block: Other             |       |       |       |       |    30 |       |       |       |       ||    30
         Kite shield       |       |       |       |       |       |  1064 |    95 |       |       ||  1159
         Reflection        |       |       |       |       |       |    18 |    39 |    71 |    12 ||   140
         Tower shield      |       |       |       |       |       |       |  1227 |  1819 |   735 ||  3781

Levels and vault maps discovered:
D:1:      minmay_arrival_pointy, layout_loops_cross
D:2:      layout_basic, grunt_ministairs_13, minmay_pentomino_w2, uniq_jessica
D:3:      layout_rooms, serial_shops, nicolae_shop_peninsula,
          shapermc_ecumenical_altar_rom_forum, grunt_ministairs_7
D:4:      layout_basic, gammafunk_temple_overflow_forgotten, bloody_trog
D:5:      layout_basic, minmay_temple_entry_ruins, minmay_misc_feat_encased,
          corexii_leaking_fountain
D:6:      layout_basic, serial_shops, shop, nicolae_shop_mannequins,
          enter_ossuary_1, minmay_between
D:7:      minmay_evil_eye, layout_loops_ring, lemuel_crystal_altar,
          hellmonk_guarded_unrand_zhor, uniq_pikel, uniq_prince_ribbit1
D:8:      layout_loops_ring, lemuel_round_altar, nicolae_vehumet_radiance
D:9:      layout_rooms, minitemple, lair_entry_dummy, nzn_sisyphean_effort,
          uniq_amaemon
D:10:     layout_loops_ring, erik_orc_2
D:11:     layout_roguey, serial_bayou, serial_bayou_pond_d, serial_bayou_lake_a,
          serial_bayou_pond_b, serial_bayou_ford_a, serial_shops, shop,
          nicolae_sif_muna_condensation, uniq_urug
D:12:     layout_stronghold, uniq_fannar, uniq_sonja, uniq_nergalle
D:13:     layout_loops_cross, special_room [special_room_orc],
          serial_bayou_pond_a
D:14:     layout_loops_ring, hellmonk_vaults_attempted_burglary,
          gauntlet_entry_generic, gammafunk_ghost_hive, serial_park_gazebo
          [serial_park_minivault_5x5_3], st_stairs_11
D:15:     hangedman_depths_entry_try_elsewhere_first, layout_irregular_city,
          serial_shops, nicolae_shop_pleasant_corner_grove, nrook_uturn,
          uniq_nessos
Lair:1:   layout_roguey, nicolae_quartered_pool_little, minivault_23,
          hellmonk_guarded_unrand_seven_league_boots, uniq_gastronok
Lair:2:   layout_gridlike, minmay_shoals_entry_lonely_mermaid
Lair:3:   layout_big_grid, spider_nest_entry_a, nzn_random_ring,
          grunt_megastairs_2
Lair:4:   layout_gridlike, minmay_lair_oklob_items, serial_bayou_shore_a,
          serial_bayou_shore_b
Lair:5:   wormcave, layout_regular_city, guppyfry_lair_end_dragon,
          slime_entry_1, hangedman_lair_unloving_vines
Shoals:1: layout_shoals, gammafunk_ghost_grave, wheals_shoals_ruined_temple
Shoals:2: layout_shoals
Shoals:3: layout_shoals, serial_shops, nicolae_shop_tiny_real_fake_doors,
          hangedman_shoals_cup_caves, uniq_polyphemus, uniq_ilsuiw,
          uniq_bai_suzhen
Shoals:4: shoals_end_hellmonk_storm_palace [storm_palace_center_ruins,
          storm_palace_corner_altar, storm_palace_corner_blocked,
          storm_palace_corner_grid, storm_palace_corner_altar]
Spider:1: layout_spider_delve
Spider:2: layout_spider_delve, uniq_frances
Spider:3: layout_spider_delve, nicolae_spider_webbed_stairs
Spider:4: grunt_spider_rune_circles, hellmonk_motheaten_closet,
          hangedman_spider_tarantella_strand
Slime:1:  cheibrodos_slime_lost_civilization_2, layout_caves
Orc:1:    layout_diamond_mine, basic_altar
Orc:2:    st_orc_rangers, layout_diamond_mine, nicolae_volcano_entry_two_sided
Elf:1:    minmay_elf_arrival_plus, layout_loops_corners, minmay_elf_sorcery
Elf:2:    elven_hall_of_blades_hangedman_original [nicolae_blade_tridents],
          layout_geoelf_octagon
Elf:3:    minmay_elf_hall_not_hex, layout_loops_corners
Vaults:1: nicolae_vaults_heist, nicolae_vaults_sesquioval_fish,
          vaults_dpeg_ring, nicolae_vaults_library_corner,
          nicolae_vaults_trapezoid_lopsided_3,
          vaults_room_grunt_arrival_checkpoint, vaults_dpeg_diagonal,
          nicolae_vaults_triangles, v_pattern_3, vaults_mumra_minichess,
          nicolae_vaults_double_plus_1, layout_vaults_omnigrid
Vaults:2: nicolae_vaults_alarming, door_vault, minmay_crypt_entry_necro_gods,
          nicolae_vaults_double_plus_3, vaults_dpeg_doors, vaults_room_pool,
          nicolae_vaults_mitosis, nicolae_vaults_network_periphery,
          grunt_vaults_hallway_long, nicolae_vaults_taking_the_gang_shopping,
          nicolae_vaults_prndl, v_misc_31, nicolae_vaults_surprise_closet,
          nicolae_vaults_little_squares_1, grunt_vaults_hallway_long,
          layout_vaults_omnicross
Vaults:3: nicolae_vaults_security_offices_2, nicolae_vaults_two_Ls,
          nicolae_vaults_prndl, vaults_room_corners, v_misc_22,
          vaults_room_hallway, ontoclasm_vaults_chip, v_misc_2,
          nicolae_vaults_hexular_roomagon, vaults_mumra_minichess_inversion,
          nicolae_vaults_trapezoid_lopsided_3, v_pattern_1,
          nicolae_vaults_closet_pinwheel_2, layout_vaults_big_room
Vaults:4: ebering_ghost_disaster_area, v_misc_29, ontoclasm_vaults_chip,
          v_rooms_3, serial_library_hellmonk_open_square,
          nicolae_vaults_ellipses_ellipsis, v_misc_14,
          nicolae_vaults_variable_pillar_hall_cross, v_alt_pattern_2,
          dpeg_vaults_monster_row, v_misc_14, nicolae_vaults_tetromino_T_2,
          st_spiral_rooms, layout_vaults_ring, serial_shops,
          nicolae_shop_crystal
Vaults:5: uniq_boris, uniq_sojobo
Depths:1: layout_gridlike, gammafunk_ghost_tricky_traps, hellmouth_3,
          minmay_misc_feat_secret_circle, beargit_hepliaklqana_dungeon_heroes,
          roderic_lattice_octagonal_star
Depths:2: minmay_the_grid_net [minmay_the_grid_dragon_a,
          minmay_the_grid_broken_lines, minmay_the_grid_stretched_grid,
          minmay_the_grid_slots, minmay_the_grid_fan,
          minmay_the_grid_prize_big_room], layout_gridlike, abyss_entry,
          interstate_on_off, pan_entry, hangedman_tar_grid_catacomb,
          evilmike_minifort, minmay_shop_grove, uniq_enchantress
Depths:3: minmay_ornate_pinched, layout_gridlike, enter_ziggurat_c,
          minmay_misc_feat_tower, abyss_entry, pf_coc_iceberg
Depths:4: lemuel_castle_with_subvaults [lemuel_castle_interior_carwin_3],
          layout_honeycomb, hell_entry, hangedman_abyss_or_decor_stagger
Zot:1:    hangedman_snap_crack_crunch, layout_concentric_octagons,
          hangedman_zot_wheel_spokes
Zot:2:    layout_gridville
Zot:3:    kennysheep_room_grid, layout_gridlike
Zot:4:    layout_cathedral_of_symmetry, nicolae_diode_intersection,
          grunt_megastairs_4
Zot:5:    layout_cathedral_of_symmetry

Notes
Turn   | Place    | Note
-------+----------+-------------------------------------------
     0 | D:1      | MackTheKnife the Hill Orc Necromancer began the quest for
                  | the Orb.
     0 | D:1      | Reached XP level 1. HP: 14/14 MP: 3/3
     0 | D:1      | magus.rc [v1.9.6]
   186 | D:1      | Reached skill level 1 in Fighting
   230 | D:1      | Reached XP level 2. HP: 23/23 MP: 1/4
   356 | D:1      | You pick up a book of Burglary and begin reading...
   356 | D:1      | You add the spells Passwall, Ensorcelled Hibernation and
                  | Swiftness to your library.
   789 | D:1      | Reached skill level 2 in Fighting
   862 | D:1      | Reached XP level 3. HP: 29/29 MP: 3/5
   904 | D:1      | Learned a level 3 spell: Vampiric Draining
  1025 | D:2      | Reached XP level 4. HP: 37/37 MP: 3/6
  1198 | D:2      | Reached skill level 3 in Fighting
  1254 | D:2      | Reached skill level 5 in Necromancy
  1266 | D:2      | Noticed Jessica
  1271 | D:2      | Killed Jessica
  1352 | D:2      | Reached XP level 5. HP: 45/45 MP: 4/7
  1670 | D:3      | Reached skill level 4 in Fighting
  1753 | D:3      | Found Reosia's Antique Armour Emporium.
  1763 | D:3      | Bought an embroidered robe for 77 gold pieces
  1883 | D:3      | Found a faded altar of an unknown god.
  1892 | D:3      | Got Plato's Compilation of Transmigration {@e2}
  2214 | D:4      | Found a bloodstained altar of Trog.
  2282 | D:4      | HP: 11/46 [white imp (2)]
  2284 | D:4      | HP: 5/46 [white imp/puff of frost (4)]
  2487 | D:4      | Noticed a phantom
  2494 | D:4      | Killed a phantom
  2495 | D:4      | Reached skill level 6 in Necromancy
  2495 | D:4      | Reached XP level 6. HP: 52/52 MP: 5/8
  2521 | D:4      | You add the spells Leda's Liquefaction and Simulacrum to
                  | your library.
  2521 | D:4      | Got the Notes on the Lithosphere and the Crevasse
  2858 | D:4      | Identified the +2 helmet "Anaitot" {rF+}
  2926 | D:4      | Found an ancient bone altar of Kikubaaqudgha.
  2928 | D:4      | Found a glowing golden altar of the Shining One.
  2932 | D:4      | Found a basalt altar of Yredelemnul.
  2934 | D:4      | Became a worshipper of Kikubaaqudgha
  3181 | D:4      | You pick up a book of Blood and begin reading...
  3181 | D:4      | You add the spells Sublimation of Blood, Wereblood and
                  | Summon Hydra to your library.
  3393 | D:5      | Entered Level 5 of the Dungeon
  3452 | D:5      | Found a staircase to the Ecumenical Temple.
  3535 | D:5      | Noticed a black bear
  3640 | D:5      | Killed a black bear
  3697 | D:5      | Reached skill level 5 in Fighting
  3697 | D:5      | Reached skill level 7 in Necromancy
  3697 | D:5      | Reached XP level 7. HP: 61/61 MP: 2/9
  3713 | D:5      | You add the spells Poisonous Vapours and Olgreb's Toxic
                  | Radiance to your library.
  3976 | D:5      | Learned a level 4 spell: Animate Dead
  4157 | D:6      | Found Nuvebe Weo's Magic Scroll Shoppe.
  4169 | D:6      | Bought a scroll of identify for 26 gold pieces
  4169 | D:6      | Bought a scroll of identify for 26 gold pieces
  4169 | D:6      | Bought a scroll of identify for 26 gold pieces
  4423 | D:6      | Found Suanok's Book Shoppe.
  4423 | D:6      | Noticed a walking crystal tome
  4423 | D:6      | Noticed a walking earthen tome
  4542 | D:6      | Found a sand-covered staircase.
  4549 | Ossuary  | Entered an ossuary
  4647 | Ossuary  | Reached skill level 6 in Fighting
  4750 | Ossuary  | Reached * piety under Kikubaaqudgha
  4750 | Ossuary  | Received a gift from Kikubaaqudgha
  4938 | D:6      | Reached XP level 8. HP: 69/71 MP: 8/10
  4948 | D:6      | Reached skill level 7 in Fighting
  4948 | D:6      | Reached skill level 8 in Necromancy
  5008 | D:7      | Found a sacrificial altar of Ru.
  5182 | D:8      | Found a burning altar of Makhleb.
  5313 | D:9      | Noticed a troll
  5387 | D:9      | Noticed a boulder beetle
  5398 | D:8      | You pick up a book of the Senses and begin reading...
  5398 | D:8      | You add the spells Dazzling Flash and Silence to your
                  | library.
  5451 | D:8      | HP: 14/61 [wight/+4 short sword (4)]
  5637 | D:8      | Found a radiant altar of Vehumet.
  5665 | D:8      | Reached skill level 8 in Fighting
  5814 | D:8      | Reached skill level 9 in Necromancy
  5819 | D:8      | Reached ** piety under Kikubaaqudgha
  6153 | D:9      | Reached XP level 9. HP: 78/82 MP: 11/11
  6183 | D:10     | Entered Level 10 of the Dungeon
  6311 | D:10     | Noticed a troll
  6324 | D:10     | Killed a troll
  6325 | D:10     | Reached skill level 9 in Fighting
  6422 | D:10     | Reached skill level 10 in Fighting
  6422 | D:10     | Reached skill level 10 in Necromancy
  6426 | D:10     | Reached skill level 2 in Dodging
  6426 | D:10     | Noticed an orc knight
  6440 | D:10     | Killed an orc knight
  6441 | D:10     | Reached skill level 4 in Dodging
  6454 | D:10     | Found a staircase to the Orcish Mines.
  6596 | Orc:1    | Entered Level 1 of the Orcish Mines
  6804 | D:7      | Noticed Prince Ribbit
  6813 | D:8      | Killed Prince Ribbit
  6814 | D:8      | Reached skill level 5 in Dodging
  6814 | D:8      | Reached skill level 2 in Stealth
  6814 | D:8      | Reached XP level 10. HP: 39/93 MP: 2/12
  7154 | D:6      | Reached skill level 3 in Stealth
  7505 | D:7      | Reached skill level 4 in Stealth
  7602 | D:7      | Reached skill level 2 in Spellcasting
  7762 | D:7      | Noticed Pikel
  7774 | D:7      | Killed Pikel
  7775 | D:7      | Reached skill level 3 in Spellcasting
  7901 | D:7      | Reached skill level 4 in Spellcasting
  8363 | D:7      | Found the +4 skin of Zhor {*Englaciate rC+++ SInv}
  8379 | D:7      | Reached skill level 5 in Spellcasting
  8976 | D:9      | Killed a boulder beetle
  8977 | D:9      | Reached skill level 2 in Short Blades
  8977 | D:9      | Reached skill level 6 in Spellcasting
  8983 | D:9      | Reached XP level 11. HP: 66/99 MP: 5/20
  9005 | D:9      | Reached skill level 3 in Short Blades
  9185 | D:9      | Found an ornate altar of the Wu Jian Council.
  9192 | D:9      | Found a sparkling altar of Nemelex Xobeh.
  9192 | D:9      | Found a white marble altar of Elyvilon.
  9193 | D:9      | Found a glowing silver altar of Zin.
  9270 | D:9      | Reached skill level 4 in Short Blades
  9375 | D:9      | Found a staircase to the Lair.
  9433 | D:9      | Noticed a boulder beetle
  9511 | D:10     | Reached skill level 5 in Short Blades
  9612 | D:10     | Identified a scroll of acquirement
  9613 | D:10     | Acquired a staff of death
 10099 | Lair:1   | Entered Level 1 of the Lair of Beasts
 10109 | Lair:1   | Reached skill level 6 in Short Blades
 10111 | Lair:1   | Reached skill level 1 in Evocations
 10228 | Lair:1   | Reached skill level 2 in Evocations
 10235 | Lair:1   | Reached skill level 3 in Evocations
 10296 | Lair:1   | Reached skill level 4 in Evocations
 10518 | Lair:1   | Reached skill level 5 in Evocations
 10527 | Lair:1   | Reached skill level 6 in Evocations
 10528 | Lair:1   | Reached skill level 1 in Staves
 10534 | Lair:1   | Reached skill level 2 in Staves
 10683 | Lair:1   | You pick up a book of Storms and begin reading...
 10683 | Lair:1   | You add the spells Static Discharge, Airstrike and Summon
                  | Lightning Spire to your library.
 10709 | Lair:1   | Noticed a boulder beetle
 10749 | Lair:1   | Killed a boulder beetle
 10750 | Lair:1   | Reached skill level 3 in Staves
 10863 | Lair:1   | Reached skill level 4 in Staves
 10872 | Lair:1   | Reached XP level 12. HP: 82/106 MP: 3/21
 10881 | Lair:1   | Reached skill level 5 in Staves
 10886 | Lair:1   | Found the +3 pair of seven-league boots {Rampage+∞}
 11311 | Lair:1   | Reached skill level 6 in Staves
 11456 | Lair:1   | Noticed Gastronok
 11519 | Lair:2   | Reached *** piety under Kikubaaqudgha
 11519 | Lair:2   | You add the spells Anguish, Borgnjor's Vile Clutch and
                  | Death Channel to your library.
 11519 | Lair:2   | Received a gift from Kikubaaqudgha
 11615 | Lair:2   | Learned a level 5 spell: Borgnjor's Vile Clutch
 11622 | Lair:2   | Learned a level 6 spell: Death Channel
 11632 | Lair:2   | Reached skill level 1 in Earth Magic
 11757 | Lair:2   | Reached skill level 2 in Earth Magic
 11762 | Lair:2   | Learned a level 4 spell: Airstrike
 11768 | Lair:2   | Learned a level 4 spell: Anguish
 11828 | Lair:2   | Reached skill level 3 in Earth Magic
 12073 | Lair:2   | Reached skill level 4 in Earth Magic
 12163 | Lair:2   | Noticed a boulder beetle
 12175 | Lair:2   | Killed a boulder beetle
 12326 | Lair:2   | Reached skill level 5 in Earth Magic
 12464 | Lair:2   | Found a staircase to the Shoals.
 12595 | Lair:2   | Reached skill level 6 in Earth Magic
 12793 | Lair:2   | magus.rc [v1.9.6]
 12818 | Lair:3   | Found a hole to the Spider Nest.
 12855 | Lair:3   | Noticed a catoblepas
 12895 | Lair:3   | magus.rc [v1.9.6]
 12911 | Lair:3   | Reached **** piety under Kikubaaqudgha
 12927 | Lair:3   | Reached skill level 7 in Earth Magic
 13107 | Lair:3   | Noticed a five-headed hydra
 13116 | Lair:3   | Killed a five-headed hydra
 13117 | Lair:3   | Reached skill level 11 in Necromancy
 13117 | Lair:3   | Reached XP level 13. HP: 94/114 MP: 17/22
 13260 | Lair:3   | Reached skill level 12 in Necromancy
 13548 | Lair:3   | Reached ***** piety under Kikubaaqudgha
 13601 | Lair:3   | Reached skill level 7 in Evocations
 13733 | Lair:3   | Reached skill level 11 in Fighting
 13953 | Lair:3   | Reached skill level 7 in Staves
 14299 | Lair:4   | Got Cigotuvi's Monograph on Unstable Shadows
 14365 | Lair:4   | Reached skill level 8 in Evocations
 14368 | Lair:4   | Reached skill level 12 in Fighting
 14404 | Lair:4   | Reached skill level 8 in Staves
 15116 | Lair:4   | Identified the +5 hand axe "Geklug" {heavy, rC+ rN+ Will+}
 15245 | Lair:5   | Entered Level 5 of the Lair of Beasts
 15407 | Lair:5   | Reached skill level 9 in Staves
 15407 | Lair:5   | Reached XP level 14. HP: 114/126 MP: 13/23
 15564 | Lair:5   | Found a viscous altar of Jiyva.
 15565 | Lair:5   | Found a staircase to the Slime Pits.
 15687 | Lair:5   | Reached skill level 10 in Staves
 16730 | Lair:5   | Reached skill level 13 in Fighting
 16957 | Lair:5   | You pick up a book of Decay and begin reading...
 17762 | Orc:2    | Entered Level 2 of the Orcish Mines
 17796 | Orc:2    | Found a dark tunnel.
 17855 | Volcano  | Entered a volcano
 18059 | Volcano  | Reached skill level 13 in Necromancy
 18381 | Orc:2    | Found Zeucit's Antique Armour Shop.
 18381 | Orc:2    | Found Meugeski's Armour Emporium.
 18388 | Orc:2    | Reached ****** piety under Kikubaaqudgha
 18391 | Orc:2    | Reached skill level 14 in Fighting
 18399 | Orc:2    | Found Cyocal's Antique Weapon Shoppe.
 18767 | Orc:2    | Found Nitethric's Armour Boutique.
 19072 | Orc:2    | Reached skill level 14 in Necromancy
 19111 | Orc:2    | Found a staircase to the Elven Halls.
 19507 | D:10     | magus.rc [v1.9.6]
 19722 | D:11     | Noticed Urug
 19732 | D:11     | Killed Urug
 19733 | D:11     | Reached XP level 15. HP: 133/138 MP: 1/24
 19871 | D:11     | Found a shimmering blue altar of Sif Muna.
 20298 | D:11     | Your ally Urug died
 20612 | D:11     | Reached skill level 7 in Spellcasting
 20774 | D:11     | Found Cysiab's Jewellery Boutique.
 20788 | D:11     | You add the spells Haunt, Borgnjor's Revivification,
                  | Infestation and Death's Door to your library.
 20788 | D:11     | Received a gift from Kikubaaqudgha (forbidden knowledge)
 20791 | D:11     | Bought an amulet of reflection for 480 gold pieces
 21035 | D:11     | Learned a level 4 spell: Dispel Undead
 21222 | D:12     | Noticed Sonja
 21229 | D:12     | Killed Sonja
 21561 | D:12     | Noticed Fannar
 21567 | D:12     | Killed Fannar
 21895 | D:12     | Noticed Nergalle
 21906 | D:12     | Killed Nergalle
 21946 | D:12     | Reached skill level 8 in Spellcasting
 22022 | D:12     | Reached skill level 1 in Shields
 22403 | D:6      | Bought a scroll of identify for 26 gold pieces
 22403 | D:6      | Bought a scroll of revelation for 97 gold pieces
 22403 | D:6      | Bought a scroll of butterflies for 52 gold pieces
 22559 | D:12     | Reached skill level 2 in Shields
 22734 | D:13     | Reached skill level 3 in Shields
 23055 | D:13     | Reached skill level 4 in Shields
 23295 | D:13     | Found a roughly hewn altar of Beogh.
 23323 | D:13     | Reached skill level 5 in Shields
 23565 | D:13     | You fall into a shaft and drop 2 floors!
 23565 | D:15     | Entered Level 15 of the Dungeon
 24044 | D:14     | Found a gate leading to a gauntlet.
 24050 | Gauntlet | Entered a Gauntlet
 24050 | Gauntlet | Found a transporter.
 24050 | Gauntlet | Found a transporter.
 24057 | Gauntlet | Found a runed translucent door.
 24059 | Gauntlet | Found a transporter.
 24060 | Gauntlet | Found a transporter.
 24062 | Gauntlet | Found a transporter.
 24062 | Gauntlet | Found a transporter.
 24095 | Gauntlet | Found a transporter.
 24096 | Gauntlet | Found a transporter.
 24104 | Gauntlet | Found a transporter.
 24121 | Gauntlet | Found a transporter.
 24136 | Gauntlet | Found a transporter.
 24140 | Gauntlet | Found a transporter.
 24201 | Gauntlet | Reached skill level 6 in Shields
 24296 | Gauntlet | Identified the amulet of Utoogauh {Acrobat MP+9}
 24435 | Gauntlet | Identified the +0 helmet of Roqaisch {rElec rF+}
 24448 | Gauntlet | Identified the +1 shortbow of Tipnotaf {elec, rN+}
 25094 | D:13     | Reached skill level 7 in Shields
 25586 | D:14     | Found a transporter.
 25586 | D:14     | Found a transporter.
 25673 | D:14     | Noticed Pegamuym's ghost (journeyman DjCj)
 25690 | D:14     | Reached skill level 8 in Shields
 26101 | D:14     | Found a gate to the Vaults.
 26170 | D:14     | Reached skill level 9 in Shields
 26203 | D:14     | Reached skill level 10 in Shields
 26363 | D:14     | You pick up a book of Sloth and begin reading...
 26363 | D:14     | You add the spells Frozen Ramparts, Petrify and Metabolic
                  | Englaciation to your library.
 26478 | D:14     | Reached XP level 16. HP: 139/146 MP: 28/28
 26532 | D:15     | Found Qodghith's Antique Weapon Shoppe.
 26536 | D:15     | Bought a slimy rapier for 369 gold pieces
 26536 | D:15     | Identified the +3 rapier of the Ring {drain, Contam rCorr
                  | Str+9 Dex+3} (You bought it in a shop on level 15 of the
                  | Dungeon)
 26562 | D:15     | Noticed Nessos
 26597 | D:15     | Killed Nessos
 26985 | D:15     | Reached skill level 11 in Shields
 27139 | D:15     | Found a staircase to the Depths.
 27560 | Spider:1 | Entered Level 1 of the Spider Nest
 27583 | Spider:1 | magus.rc [v1.9.6]
 27970 | Spider:1 | Reached skill level 12 in Shields
 28822 | Spider:1 | Reached skill level 13 in Shields
 29502 | Spider:1 | magus.rc [v1.9.6]
 29700 | Spider:2 | Noticed Frances
 29716 | Spider:2 | Killed Frances
 30427 | Spider:2 | Reached skill level 14 in Shields
 31188 | Spider:2 | Reached skill level 7 in Short Blades
 31607 | Spider:2 | magus.rc [v1.9.6]
 32225 | Spider:3 | You pick up a book of the Earth and begin reading...
 32225 | Spider:3 | You add the spells Lee's Rapid Deconstruction and Bombard
                  | to your library.
 32376 | Spider:3 | Reached skill level 8 in Short Blades
 32455 | Spider:3 | Reached XP level 17. HP: 143/152 MP: 23/29
 32679 | Spider:3 | Reached skill level 15 in Shields
 32980 | Spider:3 | Reached skill level 9 in Short Blades
 33216 | Spider:4 | Entered Level 4 of the Spider Nest
 33219 | Spider:4 | You pick up a book of Minor Magic and begin reading...
 33219 | Spider:4 | You add the spells Magic Dart, Call Imp and Mephitic Cloud
                  | to your library.
 33517 | Spider:4 | Identified the +0 robe of Anarchy {rF+}
 33577 | Spider:4 | Reached skill level 10 in Short Blades
 33587 | Spider:4 | Reached skill level 1 in Armour
 33590 | Spider:4 | Reached skill level 2 in Armour
 33636 | Spider:4 | Reached skill level 3 in Armour
 33891 | Spider:4 | Reached skill level 4 in Armour
 34633 | Spider:4 | Got a gossamer rune of Zot
 35276 | Lair:3   | magus.rc [v1.9.6]
 35323 | Shoals:1 | Entered Level 1 of the Shoals
 35391 | Shoals:1 | Reached skill level 15 in Fighting
 35440 | Shoals:1 | You fall into a shaft and drop 1 floor!
 35464 | Shoals:1 | Found a runed translucent door.
 35464 | Shoals:1 | Noticed Zigemok's ghost (journeyman SpEn)
 35922 | Shoals:1 | Found a shimmering altar of Xom.
 35938 | Shoals:1 | Noticed a kraken
 35955 | Shoals:1 | Killed a kraken
 36096 | Shoals:1 | Killed Zigemok's ghost
 36097 | Shoals:1 | Reached skill level 15 in Necromancy
 36125 | Shoals:2 | You pick up a book of Annihilations and begin reading...
 36125 | Shoals:2 | You add the spells Chain Lightning, Fire Storm and Shatter
                  | to your library.
 36429 | Shoals:2 | Reached skill level 6 in Dodging
 36497 | Shoals:2 | Reached skill level 7 in Dodging
 36497 | Shoals:2 | Reached XP level 18. HP: 99/163 MP: 0/30
 37232 | Shoals:3 | Noticed Ilsuiw
 37255 | Shoals:3 | Noticed Bai Suzhen
 37603 | Vaults:1 | Entered Level 1 of the Vaults
 37881 | Vaults:1 | Reached skill level 8 in Dodging
 38055 | Vaults:1 | Noticed a quicksilver dragon
 38066 | Vaults:1 | Killed a quicksilver dragon
 38224 | Vaults:1 | Reached skill level 5 in Stealth
 38600 | Vaults:1 | Reached skill level 9 in Dodging
 38699 | Vaults:1 | Reached skill level 6 in Stealth
 39255 | Vaults:1 | You pick up a book of Decay and begin reading...
 39257 | Vaults:1 | You pick up a book of Cantrips and begin reading...
 39257 | Vaults:1 | You add the spells Summon Small Mammal and Apportation to
                  | your library.
 39453 | Vaults:1 | Reached skill level 7 in Stealth
 39627 | Vaults:1 | You pick up a book of Geomancy and begin reading...
 39627 | Vaults:1 | You add the spells Sandblast, Stone Arrow and Brom's
                  | Barrelling Boulder to your library.
 39890 | Vaults:1 | Reached skill level 10 in Dodging
 40250 | Vaults:1 | Identified the staff "Jaownejiam" {rPois rF- Str+2 Stlth+
                  | Poison}
 40430 | Vaults:2 | Found a huge runed gate.
 40430 | Vaults:2 | Found a huge runed gate.
 40430 | Vaults:2 | Found a huge runed gate.
 40430 | Vaults:2 | Found a huge runed gate.
 40431 | Vaults:2 | Found a huge runed gate.
 40431 | Vaults:2 | Found a huge runed gate.
 40431 | Vaults:2 | Found a huge runed gate.
 40431 | Vaults:2 | Found a huge runed gate.
 40433 | Vaults:2 | Found a huge runed gate.
 40435 | Vaults:2 | Found a huge runed gate.
 40435 | Vaults:2 | Found a huge runed gate.
 40435 | Vaults:2 | Found a huge runed gate.
 40435 | Vaults:2 | Found a huge runed gate.
 40435 | Vaults:2 | Found a huge runed gate.
 40435 | Vaults:2 | Found a huge runed gate.
 40455 | Vaults:2 | Found a huge runed gate.
 40456 | Vaults:2 | Found a huge runed gate.
 40457 | Vaults:2 | Found a huge runed gate.
 40469 | Vaults:2 | Found a huge runed gate.
 40469 | Vaults:2 | Found a huge runed gate.
 40469 | Vaults:2 | Found a huge runed gate.
 40469 | Vaults:2 | Found a huge runed gate.
 40469 | Vaults:2 | Found a huge runed gate.
 40469 | Vaults:2 | Found a huge runed gate.
 40470 | Vaults:2 | Found a huge runed gate.
 40471 | Vaults:2 | Found a huge runed gate.
 40472 | Vaults:2 | Found a huge runed gate.
 40504 | Vaults:2 | Reached skill level 16 in Shields
 40649 | Vaults:2 | Found a huge runed gate.
 40649 | Vaults:2 | Found a huge runed gate.
 40649 | Vaults:2 | Found a huge runed gate.
 40649 | Vaults:2 | Found a huge runed gate.
 40649 | Vaults:2 | Found a huge runed gate.
 40650 | Vaults:2 | Found a huge runed gate.
 40651 | Vaults:2 | Found a huge runed gate.
 40652 | Vaults:2 | Found a huge runed gate.
 40653 | Vaults:2 | Found a huge runed gate.
 41067 | Vaults:2 | Found Daoc's Armour Shoppe.
 41233 | Vaults:2 | Reached skill level 17 in Shields
 41286 | Vaults:2 | Reached XP level 19. HP: 87/170 MP: 3/31
 41802 | Vaults:2 | Reached skill level 18 in Shields
 42146 | Vaults:2 | Found a staircase to the Crypt.
 42146 | Vaults:2 | Found an ancient bone altar of Kikubaaqudgha.
 42147 | Vaults:2 | Found a basalt altar of Yredelemnul.
 42333 | Vaults:2 | Reached skill level 19 in Shields
 42925 | Vaults:2 | Reached skill level 20 in Shields
 43162 | Vaults:2 | Got Sif Muna's Disquisition on the Fairies and Rallying
 43349 | Vaults:2 | Gained mutation: You sometimes lose your temper in combat.
                  | [mutagenic glow]
 43350 | Vaults:2 | Lost mutation: You sometimes lose your temper in combat.
                  | [potion of mutation]
 43350 | Vaults:2 | Gained mutation: Your body sometimes deteriorates upon
                  | taking damage. [potion of mutation]
 43350 | Vaults:2 | Gained mutation: Your spells are a little harder to cast,
                  | but a little more powerful. [potion of mutation]
 43673 | Elf:1    | Entered Level 1 of the Elven Halls
 44137 | Elf:1    | You fall into a shaft and drop 1 floor!
 44361 | Elf:2    | Found a runed translucent gate.
 44380 | Elf:2    | Found a runed translucent gate.
 44380 | Elf:2    | Found a runed translucent gate.
 44863 | Elf:1    | Reached skill level 8 in Earth Magic
 45193 | Elf:1    | Paralysed by an air elemental for 1 turns
 45199 | Elf:1    | Paralysed by an air elemental for 1 turns
 45336 | Elf:1    | You add the spells Momentum Strike and Animate Armour to
                  | your library.
 45336 | Elf:1    | Got the Handbook of Generative Arcane Weapons
 45340 | Elf:1    | You pick up a book of Debilitation and begin reading...
 45340 | Elf:1    | You add the spells Slow, Sigil of Binding and Confusing
                  | Touch to your library.
 45919 | Elf:2    | Reached skill level 16 in Fighting
 46230 | Elf:3    | Entered Level 3 of the Elven Halls
 46685 | Elf:3    | Reached XP level 20. HP: 176/179 MP: 22/32
 46846 | Elf:3    | Reached skill level 9 in Earth Magic
 47510 | Elf:3    | Reached skill level 16 in Necromancy
 47575 | Elf:3    | Noticed a Brimstone Fiend
 47645 | Elf:3    | Identified the +5 glaive "Xicrusch" {flame, rElec rPois
                  | rCorr Dex-3}
 47651 | Elf:3    | Noticed a Brimstone Fiend
 47690 | Elf:3    | Identified the amulet of Xom's Capriciousness {Reflect
                  | *Corrode rElec Will+ Int+5 SH+5}
 47692 | Elf:3    | Noticed a Tzitzimitl
 48338 | Elf:3    | Identified the staff "Tyddoydeck" {rPois MP+9 Poison}
 48343 | Elf:3    | Noticed a Brimstone Fiend
 48351 | Elf:3    | Reached skill level 17 in Fighting
 48351 | Elf:3    | Reached skill level 10 in Earth Magic
 48480 | Elf:3    | Paralysed by an air elemental for 1 turns
 48487 | Elf:3    | Paralysed by an air elemental for 1 turns
 48491 | Elf:3    | Noticed a Brimstone Fiend
 48494 | Elf:3    | Paralysed by an air elemental for 1 turns
 48499 | Elf:3    | Identified the amulet of Iklarab {Spirit +Inv rF+ rCorr
                  | Str+4}
 48503 | Elf:3    | Noticed a Brimstone Fiend
 48825 | Elf:3    | Identified the +1 pair of gloves of Painted Tender Moments
                  | {rF+ rCorr}
 48874 | Elf:3    | Identified the staff "Icix" {Fragile +Blink rElec rC+ Dex+2
                  | Air}
 48890 | Elf:3    | Found the +2 hat of the Bear Spirit {Spirit, Bear, *Rage
                  | Will++}
 48939 | Elf:3    | You pick up a book of Necromancy and begin reading...
 48950 | Elf:3    | You pick up a book of Dangerous Friends and begin
                  | reading...
 48950 | Elf:3    | You add the spells Summon Guardian Golem, Orb of
                  | Destruction and Spellforged Servitor to your library.
 49996 | Vaults:3 | Reached skill level 17 in Necromancy
 49999 | Vaults:3 | Identified the +1 robe of Inaction {rC+}
 50306 | Vaults:3 | Reached skill level 18 in Fighting
 50347 | Vaults:3 | Identified the staff of the Wraith {rElec rPois Int+2
                  | Stlth+ Poison}
 51170 | Vaults:4 | Found Lirem's Antique Weapon Boutique.
 51471 | Vaults:4 | Reached XP level 21. HP: 194/194 MP: 33/33
 51812 | Vaults:4 | Reached skill level 9 in Spellcasting
 52302 | Vaults:4 | Reached skill level 18 in Necromancy
 53064 | Vaults:4 | Found a large runed translucent door.
 53065 | Vaults:4 | Found a large runed translucent door.
 53069 | Vaults:4 | Noticed Ymilidghe's ghost (adept TrGl)
 53087 | Vaults:4 | Learned a level 8 spell: Infestation
 53273 | Depths:1 | Entered Level 1 of the Depths
 53274 | Depths:1 | magus.rc [v1.9.6]
 53420 | Depths:1 | Reached skill level 10 in Spellcasting
 53708 | D:15     | magus.rc [v1.9.6]
 54015 | Depths:1 | Lost mutation: Your body sometimes deteriorates upon taking
                  | damage. [potion of mutation]
 54015 | Depths:1 | Lost mutation: Your spells are a little harder to cast, but
                  | a little more powerful. [potion of mutation]
 54015 | Depths:1 | Gained mutation: You have a pair of small horns on your
                  | head. [potion of mutation]
 54015 | Depths:1 | Gained mutation: You are strong-willed. (Will+) [potion of
                  | mutation]
 54015 | Depths:1 | Gained mutation: You are partially covered in large bone
                  | plates. (SH +4) [potion of mutation]
 54203 | Depths:1 | Identified the +7 lajatang "Xeddah" {freeze, rC+ Will+
                  | Str+3 Dex+3}
 54205 | Depths:1 | an orc warlord comes into view. It is wielding the +8
                  | mithril axe "Arga" {speed, Will+} and wearing a +0 tower
                  | shield of reflection.
 54209 | Depths:1 | Aim: an orc warlord, wielding the +8 mithril axe "Arga"
                  | {speed, Will+}, wearing a +0 plate armour and wearing a +0
                  | tower shield of reflection (thin mist, infested, reflecting
                  | blocked projectiles, 100% to hit)
 54210 | Depths:1 | Here: an orc warlord, wielding the +8 mithril axe "Arga"
                  | {speed, Will+}, wearing a +0 plate armour and wearing a +0
                  | tower shield of reflection (thin mist, lightly wounded,
                  | infested, slow, constricted by zombie hands, ally target,
                  | reflecting blocked projectiles)
 54210 | Depths:1 | Here: an orc warlord, wielding the +8 mithril axe "Arga"
                  | {speed, Will+}, wearing a +0 plate armour and wearing a +0
                  | tower shield of reflection (thin mist, lightly wounded,
                  | infested, slow, constricted by zombie hands, ally target,
                  | reflecting blocked projectiles)
 54213 | Depths:1 | Aim: an orc warlord, wielding the +8 mithril axe "Arga"
                  | {speed, Will+}, wearing a +0 plate armour and wearing a +0
                  | tower shield of reflection (thin mist, lightly wounded,
                  | infested, slow, ally target, reflecting blocked
                  | projectiles, 100% to hit)
 54213 | Depths:1 | Aim: an orc warlord, wielding the +8 mithril axe "Arga"
                  | {speed, Will+}, wearing a +0 plate armour and wearing a +0
                  | tower shield of reflection (thin mist, lightly wounded,
                  | infested, slow, ally target, reflecting blocked
                  | projectiles, 100% to hit)
 54227 | Depths:1 | Aim: an orc warlord, wielding the +8 mithril axe "Arga"
                  | {speed, Will+}, wearing a +0 plate armour and wearing a +0
                  | tower shield of reflection (moderately wounded, infested,
                  | reflecting blocked projectiles, will become a green
                  | draconian, a yellow draconian, or an alligator, chance to
                  | affect: 8%)
 54227 | Depths:1 | Aim: an orc warlord, wielding the +8 mithril axe "Arga"
                  | {speed, Will+}, wearing a +0 plate armour and wearing a +0
                  | tower shield of reflection (moderately wounded, infested,
                  | reflecting blocked projectiles, will become a green
                  | draconian, a yellow draconian, or an alligator, chance to
                  | affect: 8%)
 54228 | Depths:1 | Aim: an orc warlord, wielding the +8 mithril axe "Arga"
                  | {speed, Will+}, wearing a +0 plate armour and wearing a +0
                  | tower shield of reflection (lightly wounded, infested,
                  | weak-willed, reflecting blocked projectiles)
 54228 | Depths:1 | Aim: an orc warlord, wielding the +8 mithril axe "Arga"
                  | {speed, Will+}, wearing a +0 plate armour and wearing a +0
                  | tower shield of reflection (lightly wounded, infested,
                  | weak-willed, reflecting blocked projectiles)
 54228 | Depths:1 | Aim: an orc warlord, wielding the +8 mithril axe "Arga"
                  | {speed, Will+}, wearing a +0 plate armour and wearing a +0
                  | tower shield of reflection (lightly wounded, infested,
                  | weak-willed, reflecting blocked projectiles, will become a
                  | green draconian, a yellow draconian, or an alligator,
                  | chance to affect: 41%)
 54228 | Depths:1 | Aim: an orc warlord, wielding the +8 mithril axe "Arga"
                  | {speed, Will+}, wearing a +0 plate armour and wearing a +0
                  | tower shield of reflection (lightly wounded, infested,
                  | weak-willed, reflecting blocked projectiles, will become a
                  | green draconian, a yellow draconian, or an alligator,
                  | chance to affect: 41%)
 54229 | Depths:1 | Aim: an orc warlord, wielding the +8 mithril axe "Arga"
                  | {speed, Will+}, wearing a +0 plate armour and wearing a +0
                  | tower shield of reflection (lightly wounded, infested,
                  | weak-willed, reflecting blocked projectiles, will become a
                  | green draconian, a yellow draconian, or an alligator,
                  | chance to affect: 41%)
 54229 | Depths:1 | Aim: an orc warlord, wielding the +8 mithril axe "Arga"
                  | {speed, Will+}, wearing a +0 plate armour and wearing a +0
                  | tower shield of reflection (lightly wounded, infested,
                  | weak-willed, reflecting blocked projectiles, will become a
                  | green draconian, a yellow draconian, or an alligator,
                  | chance to affect: 41%)
 54230 | Depths:1 | Aim: an orc warlord, wielding the +8 mithril axe "Arga"
                  | {speed, Will+}, wearing a +0 plate armour and wearing a +0
                  | tower shield of reflection (lightly wounded, infested,
                  | weak-willed, reflecting blocked projectiles, will become a
                  | green draconian, a yellow draconian, or an alligator,
                  | chance to affect: 41%)
 54230 | Depths:1 | Aim: an orc warlord, wielding the +8 mithril axe "Arga"
                  | {speed, Will+}, wearing a +0 plate armour and wearing a +0
                  | tower shield of reflection (lightly wounded, infested,
                  | weak-willed, reflecting blocked projectiles, will become a
                  | green draconian, a yellow draconian, or an alligator,
                  | chance to affect: 41%)
 54667 | Depths:1 | Found a gateway to Hell.
 54779 | Depths:1 | Found a hazy altar of Hepliaklqana.
 54781 | Depths:1 | Found a faded altar of an unknown god.
 55046 | Depths:2 | Found Syeguoni's Book Emporium.
 55046 | Depths:2 | Found Ownacves's Jewellery Boutique.
 55047 | Depths:2 | Found Vugaqesch's Book Emporium.
 55077 | Depths:2 | Noticed a golden dragon
 55087 | Depths:2 | Killed a golden dragon
 55090 | Depths:2 | Reached skill level 19 in Necromancy
 55199 | Depths:2 | Noticed a golden dragon
 55213 | Depths:2 | Killed a golden dragon
 55996 | Depths:2 | Reached XP level 22. HP: 156/202 MP: 15/36
 56048 | Depths:2 | Reached skill level 20 in Necromancy
 56049 | Depths:2 | quicksilver dragon scales {rare}; a quicksilver dragon
                  | corpse
 56049 | Depths:2 | f - quicksilver dragon scales {rare}
 56050 | Depths:2 | You drop quicksilver dragon scales {rare}.
 56148 | Depths:2 | Reached skill level 1 in Hexes
 56261 | Depths:2 | Reached skill level 2 in Hexes
 56270 | Depths:2 | the Enchantress comes into view. She is wielding a +4
                  | rapier of distortion, wearing the +4 faerie dragon scales
                  | {rC+ rN+ Will+ rCorr} and wearing a +1 buckler of fire
                  | resistance.
 56270 | Depths:2 | Noticed the Enchantress
 56271 | Depths:2 | Here: the Enchantress, wielding a +4 rapier of distortion,
                  | wearing the +4 faerie dragon scales {rC+ rN+ Will+ rCorr}
                  | and wearing a +1 buckler of fire resistance (repelling
                  | missiles)
 56282 | Depths:2 | Reached skill level 3 in Hexes
 56286 | Depths:2 | Here: the Enchantress, wielding a +4 rapier of distortion,
                  | wearing the +4 faerie dragon scales {rC+ rN+ Will+ rCorr}
                  | and wearing a +1 buckler of fire resistance (moderately
                  | wounded, repelling missiles, infested, slow, ally target)
 56287 | Depths:2 | Reached skill level 4 in Hexes
 56287 | Depths:2 | Look: the Enchantress, wielding a +4 rapier of distortion,
                  | wearing the +4 faerie dragon scales {rC+ rN+ Will+ rCorr}
                  | and wearing a +1 buckler of fire resistance (severely
                  | wounded, repelling missiles, infested, slow, ally target,
                  | chance to affect: 0%)
 56287 | Depths:2 | Aim: the Enchantress, wielding a +4 rapier of distortion,
                  | wearing the +4 faerie dragon scales {rC+ rN+ Will+ rCorr}
                  | and wearing a +1 buckler of fire resistance (severely
                  | wounded, repelling missiles, infested, slow, ally target,
                  | 100% to hit)
 56288 | Depths:2 | Killed the Enchantress
 56473 | Depths:2 | Found a one-way gate leading to the halls of Pandemonium.
 56512 | Depths:2 | Found a one-way gate to the infinite horrors of the Abyss.
 56825 | Depths:2 | Reached skill level 11 in Short Blades
 57255 | Depths:1 | Reached skill level 5 in Armour
 57376 | Depths:1 | Found a runed translucent gate.
 57376 | Depths:1 | Found a runed translucent gate.
 57376 | Depths:1 | Found a runed translucent gate.
 57377 | Depths:1 | Noticed Rehacw's ghost (adept HOMo)
 57407 | Depths:1 | Killed Rehacw's ghost
 57419 | Depths:1 | Reached skill level 6 in Armour
 57478 | Depths:1 | Identified the amulet "Ohe Cor" {Spirit rN+ Dex+4 Slay-3}
 57481 | Depths:1 | Identified the +0 helmet of the Bulwark {rElec Int+2}
 57874 | Depths:3 | Reached skill level 7 in Armour
 57905 | Depths:3 | Reached skill level 12 in Short Blades
 58044 | Depths:3 | Noticed a juggernaut
 58060 | Depths:3 | Killed a juggernaut
 58273 | Depths:3 | Reached skill level 8 in Armour
 58605 | Depths:3 | You pick up a book of the Warp and begin reading...
 58605 | Depths:3 | You add the spells Manifold Assault, Dispersal and
                  | Disjunction to your library.
 58876 | Depths:3 | Noticed a golden dragon
 58888 | Depths:3 | Killed a golden dragon
 58888 | Depths:3 | Identified +0 gold dragon scales
 58890 | Depths:3 | +0 gold dragon scales {rare}; a golden dragon corpse
 58907 | Depths:3 | +0 gold dragon scales {rare}; a golden dragon corpse
 59003 | Depths:3 | Reached skill level 9 in Armour
 59144 | Depths:3 | Reached skill level 13 in Short Blades
 59764 | Depths:4 | Entered Level 4 of the Depths
 59806 | Depths:4 | You add the spells Ignition and Discord to your library.
 59961 | Depths:4 | Reached XP level 23. HP: 208/209 MP: 16/37
 60055 | Depths:4 | Noticed a juggernaut
 60070 | Depths:4 | Killed a juggernaut
 60071 | Depths:4 | Reached skill level 10 in Armour
 60101 | Depths:4 | Noticed a golden dragon
 60116 | Depths:4 | Killed a golden dragon
 60235 | Depths:4 | Reached skill level 14 in Short Blades
 60390 | Depths:4 | Noticed a golden dragon
 60408 | Depths:4 | Killed a golden dragon
 60430 | Depths:4 | Noticed a golden dragon
 60435 | Depths:4 | Noticed a golden dragon
 60454 | Depths:4 | Killed a golden dragon
 60454 | Depths:4 | Identified +0 gold dragon scales
 60454 | Depths:4 | Killed a golden dragon
 60465 | Depths:4 | +0 gold dragon scales {rare}; a golden dragon corpse
 60469 | Depths:4 | +0 gold dragon scales {rare}; a golden dragon corpse
 60479 | Depths:4 | +0 gold dragon scales {rare}; a golden dragon corpse
 60590 | Depths:4 | +0 gold dragon scales {rare}; a golden dragon corpse
 61223 | Depths:4 | Identified the +0 rapier of Laodwas {speed, Will+}
 61452 | Depths:4 | Noticed a golden dragon
 61456 | Depths:4 | Killed a golden dragon
 61456 | Depths:4 | Identified +0 gold dragon scales
 61500 | Depths:4 | Reached skill level 19 in Fighting
 61944 | Depths:4 | Found a gate to the Realm of Zot.
 61985 | Depths:4 | Identified the +1 ring mail of Marbles {Str+2 Int+3 Slay-6}
 62326 | Depths:4 | a +0 trident {polearm}; +0 shadow dragon scales {rare}; a
                  | green draconian corpse
 62812 | Depths:4 | a +0 trident {polearm}; +0 shadow dragon scales {rare}
 63039 | Vaults:5 | Entered Level 5 of the Vaults
 63052 | Vaults:5 | Reached skill level 21 in Necromancy
 63058 | Vaults:5 | Reached skill level 20 in Fighting
 63084 | Vaults:5 | Reached XP level 24. HP: 188/224 MP: 30/37
 63094 | Vaults:5 | Reached skill level 22 in Necromancy
 63099 | Vaults:5 | Noticed a dread lich
 63103 | Vaults:5 | Noticed Boris
 63591 | Vaults:4 | Killed a dread lich
 63643 | Vaults:4 | Killed Boris
 64661 | Vaults:4 | +0 storm dragon scales {rare}; a storm dragon corpse
 64783 | Vaults:4 | +0 storm dragon scales {rare}; a storm dragon skeleton
 64901 | Vaults:4 | +0 storm dragon scales {rare}; a storm dragon skeleton
 64971 | Vaults:5 | a deep elf annihilator comes into view. It is wielding a
                  | staff of earth and wearing the ring of the Hare {EV+10}.
 64982 | Vaults:4 | Reached skill level 23 in Necromancy
 65117 | Vaults:4 | Acquired the +2 hat "Nerowni" {Rampage rElec rC+ rCorr}
 65180 | Vaults:5 | Noticed Sojobo
 65186 | Vaults:5 | Paralysed by an air elemental for 1 turns
 65192 | Vaults:5 | Paralysed by an air elemental for 1 turns
 65206 | Vaults:5 | Killed Sojobo
 65286 | Vaults:5 | an ironbound preserver comes into view. It is wielding a +3
                  | arbalest of electrocution and wearing the amulet of the Air
                  | {Inacc Air Fly rElec RMsl}.
 65474 | Vaults:5 | Aim: an ironbound preserver, wielding a +3 arbalest of
                  | electrocution, wearing a +0 ring mail, wearing the amulet
                  | of the Air {Inacc Air Fly rElec RMsl} and quivering stones
                  | (heavily wounded, durably summoned, unusually agile, very
                  | poisoned, 100% to hit)
 65474 | Vaults:5 | Aim: an ironbound preserver, wielding a +3 arbalest of
                  | electrocution, wearing a +0 ring mail, wearing the amulet
                  | of the Air {Inacc Air Fly rElec RMsl} and quivering stones
                  | (heavily wounded, durably summoned, unusually agile, very
                  | poisoned, 100% to hit)
 65609 | Vaults:5 | You pick up a book of Decay and begin reading...
 65613 | Vaults:5 | You pick up a book of Necromancy and begin reading...
 65620 | Vaults:5 | Got a silver rune of Zot
 65626 | Vaults:5 | Identified the -1 pair of gloves of Egyrghusm {Regen+}
 65893 | Vaults:5 | Identified the +1 war axe "Bingo" {heavy, rC+ Will- Int+4
                  | Dex+5}
 65926 | Vaults:5 | Reached skill level 21 in Fighting
 65936 | Vaults:5 | Reached skill level 11 in Armour
 66191 | Vaults:5 | You pick up a book of Armaments and begin reading...
 67176 | Vaults:5 | Found Zatt's Distillery.
 67180 | Vaults:5 | Bought a potion of heal wounds for 105 gold pieces
 67200 | Vaults:5 | Found Iptie's Magic Scroll Shop.
 67205 | Vaults:5 | Bought a scroll of teleportation for 60 gold pieces
 67205 | Vaults:5 | Bought a scroll of immolation for 80 gold pieces
 67205 | Vaults:5 | Bought a scroll of immolation for 80 gold pieces
 67205 | Vaults:5 | Bought a scroll of fog for 80 gold pieces
 67225 | Vaults:5 | Found Wotuis's Magic Scroll Boutique.
 67230 | Vaults:5 | Bought a scroll of enchant weapon for 112 gold pieces
 67230 | Vaults:5 | Bought a scroll of revelation for 112 gold pieces
 67230 | Vaults:5 | Bought a scroll of enchant armour for 112 gold pieces
 67230 | Vaults:5 | Bought a scroll of acquirement for 780 gold pieces
 67233 | Vaults:5 | Acquired 761 gold pieces
 67243 | Vaults:5 | Found Bessu's Distillery.
 67248 | Vaults:5 | Bought a potion of heal wounds for 80 gold pieces
 67248 | Vaults:5 | Bought a potion of haste for 160 gold pieces
 67248 | Vaults:5 | Bought a potion of might for 64 gold pieces
 67248 | Vaults:5 | Bought a potion of magic for 128 gold pieces
 67248 | Vaults:5 | Bought a potion of might for 64 gold pieces
 67248 | Vaults:5 | Bought a potion of resistance for 160 gold pieces
 67642 | Lair:1   | Killed Gastronok
 67697 | Slime:1  | Entered Level 1 of the Pits of Slime
 68006 | Depths:4 | +0 shadow dragon scales {rare}; a +0 trident {polearm}
 68485 | Shoals:3 | Found Tuve's Magic Scroll Shoppe.
 68488 | Shoals:3 | Bought a scroll of teleportation for 48 gold pieces
 68572 | Shoals:3 | Killed Bai Suzhen
 68757 | Shoals:3 | Noticed Polyphemus
 68785 | Shoals:3 | Killed Polyphemus
 69357 | Shoals:3 | Reached skill level 22 in Fighting
 69444 | Shoals:4 | Entered Level 4 of the Shoals
 69454 | Shoals:4 | Reached XP level 25. HP: 231/238 MP: 21/37
 69465 | Shoals:4 | Reached skill level 12 in Armour
 69532 | Shoals:4 | Identified the staff "Ibioc" {rElec Int+3 Air}
 69540 | Shoals:4 | Got a barnacled rune of Zot
 69972 | Shoals:4 | Found a sparkling altar of Nemelex Xobeh.
 70125 | Shoals:4 | Reached skill level 23 in Fighting
 70581 | Shoals:4 | Found a shimmering altar of Xom.
 70616 | Shoals:4 | Paralysed by an air elemental for 1 turns
 70650 | Shoals:4 | Reached skill level 24 in Necromancy
 71095 | Depths:4 | +0 shadow dragon scales {rare}; a +0 trident {polearm}
 71151 | Zot:1    | Entered Level 1 of the Realm of Zot
 71151 | Zot:1    | Noticed a dread lich
 71154 | Zot:1    | Noticed an ancient lich
 71226 | Depths:4 | Killed a dread lich
 71285 | Depths:4 | Killed an ancient lich
 71513 | Depths:4 | Noticed a caustic shrike
 71516 | Depths:4 | Killed a caustic shrike
 71647 | Zot:1    | Reached skill level 24 in Fighting
 71648 | Zot:1    | +0 shadow dragon scales {rare}; a shadow dragon corpse
 71652 | Zot:1    | +0 shadow dragon scales {rare}; a shadow dragon corpse
 72062 | Zot:2    | +0 storm dragon scales {rare}; a storm dragon corpse
 72068 | Zot:2    | Identified +0 gold dragon scales
 72070 | Zot:2    | +0 gold dragon scales {rare}; a golden dragon corpse
 72125 | Zot:2    | Noticed an electric golem
 72136 | Zot:2    | Killed an electric golem
 72152 | Zot:2    | You pick up a book of Fire and begin reading...
 72152 | Zot:2    | You add the spells Foxfire, Plasma Beam and Starburst to
                  | your library.
 72175 | Zot:2    | Learned a level 8 spell: Borgnjor's Revivification
 72178 | Zot:2    | Learned a level 2 spell: Sublimation of Blood
 72282 | Zot:2    | +0 storm dragon scales {rare}; a storm dragon corpse
 72375 | Zot:3    | Noticed a Killer Klown
 72394 | Zot:3    | Killed a Killer Klown
 72519 | Zot:4    | Reached skill level 25 in Necromancy
 72557 | Zot:5    | Entered Level 5 of the Realm of Zot
 72712 | Zot:5    | Noticed an electric golem
 72735 | Zot:5    | Killed an electric golem
 72779 | Zot:5    | HP: 61/247 [something (16)]
 73355 | Zot:5    | You pick up a book of Misfortune and begin reading...
 73355 | Zot:5    | You add the spells Inner Flame, Yara's Violent Unravelling
                  | and Enfeeble to your library.
 73386 | Zot:5    | Noticed a dread lich
 73386 | Zot:5    | Noticed a Killer Klown
 73403 | Zot:5    | Killed a Killer Klown
 73411 | Zot:5    | Reached skill level 13 in Armour
 73423 | Zot:5    | Killed a dread lich
 73424 | Zot:5    | Reached XP level 26. HP: 178/256 MP: 17/37
 73425 | Zot:5    | Noticed an ancient lich
 73434 | Zot:5    | Noticed an orb of fire
 73446 | Zot:5    | HP: 63/256 [orb of fire/fireball (17)]
 73795 | Zot:4    | Reached skill level 11 in Dodging
 73836 | Zot:5    | Gained mutation: You are vulnerable to heat. (rF-) [an orb
                  | of fire]
 73842 | Zot:5    | Killed an orb of fire
 73847 | Zot:5    | Killed an ancient lich
 73965 | Zot:5    | Noticed a Killer Klown
 74070 | Zot:5    | Noticed an ancient lich
 74080 | Zot:5    | Killed an ancient lich
 74083 | Zot:5    | Noticed an orb of fire
 74085 | Zot:5    | Noticed an orb of fire
 74093 | Zot:5    | Reached skill level 14 in Armour
 74096 | Zot:5    | Killed a Killer Klown
 74112 | Zot:5    | Killed an orb of fire
 74115 | Zot:5    | Killed an orb of fire
 74138 | Zot:5    | Noticed an orb of fire
 74158 | Zot:5    | Noticed an electric golem
 74159 | Zot:5    | Killed an orb of fire
 74163 | Zot:5    | Noticed an electric golem
 74167 | Zot:5    | Killed an electric golem
 74168 | Zot:5    | Reached skill level 12 in Dodging
 74169 | Zot:5    | Noticed an ancient lich
 74173 | Zot:5    | Killed an ancient lich
 74480 | Zot:5    | Noticed a dread lich
 74485 | Zot:5    | Killed a dread lich
 74512 | Zot:5    | Reached skill level 15 in Armour
 74526 | Zot:5    | Got the Orb of Zot
 74689 | Zot:3    | Noticed Mezymp the pandemonium lord
 74709 | Zot:2    | +0 storm dragon scales {rare}; a storm dragon skeleton
 75239 | D:$      | Escaped with the Orb!

Vanquished Creatures
  4 dread liches
  4 ancient liches
  2 orbs of fire (Zot:5)
  A juggernaut (Depths:4)
  A Killer Klown (Zot:5)
  Boris (Vaults:4)
  Bai Suzhen (Shoals:3)
  5 golden dragons
  2 bone dragons
  3 tentacled monstrosities
  An electric golem (Zot:5)
  9 Orb Guardians
  A walking earthen tome (Depths:2)
  3 titans
  3 deep elf blademasters (Elf:3)
  2 deep elf master archers (Elf:3)
  4 death cobs
  7 sphinxes
  Polyphemus (Shoals:3)
  Gastronok (Lair:1)
  4 tengu reavers
  4 quicksilver dragons
  The ghost of Rehacw the Warrior, an adept HOMo of Beogh (Depths:1)
  11 shadow dragons
  4 draconian monks
  4 ghost moths
  7 fire giants
  19 frost giants
  An iron dragon (Depths:4)
  10 deep elf sorcerers
  4 emperor scorpions (Spider:4)
  13 vault wardens
  2 deep elf elementalists (Elf:3)
  12 ironbound preservers
  An orc warlord (Vaults:4)
  2 draconian shifters
  4 draconian annihilators (Depths:4)
  2 spriggan defenders (Depths:2)
  13 very ugly things
  A war gargoyle (Vaults:5)
  A reaper (Depths:4)
  A broodmother (Spider:3)
  9 stone giants
  2 vampire knights (Depths:3)
  Nessos (D:15)
  4 ironbound thunderhulks
  11 deep elf demonologists
  8 green draconians (Depths:4)
  6 purple draconians (Depths:4)
  4 black draconians
  5 deep elf annihilators
  4 dire elephants
  5 white draconians
  3 red draconians
  A minotaur (Gauntlet)
  7 spark wasps (Depths:4)
  5 deep elf death magi
  6 merfolk impalers
  2 crystal guardians
  6 entropy weavers
  15 ettins
  13 yaktaur captains
  8 fire dragons
  10 vault guards
  A merfolk javelineer (Shoals:4)
  2 great orbs of eyes
  2 rakshasas
  5 ice dragons
  A quicksilver dragon skeleton (Zot:1)
  Fannar (D:12)
  3 peacekeepers
  A merfolk avatar (Shoals:3)
  2 spriggan air magi
  3 hydras
  A radroach (Spider:2)
  A jorogumo (Spider:3)
  4 ogre magi
  4 ironbound frosthearts
  6 two-headed ogres
  An alligator (Depths:1)
  9 centaur warriors
  A catoblepas (Shoals:3)
  10 dancing weapons
  A satyr (Shoals:3)
  4 boulder beetles
  5 demonic crawlers
  A merfolk aquamancer (Shoals:4)
  4 tengu warriors
  8 deep troll earth magi
  7 deep troll shamans
  2 death yaks (Shoals:3)
  A hell hog (Depths:1)
  5 spriggan berserkers
  3 sun demons
  An occultist (Depths:1)
  3 vampire magi
  Urug (D:11)
  A hell knight (Volcano)
  Nergalle (D:12)
  2 soul eaters
  8 deep elf knights
  A sun moth (Spider:4)
  2 iron trolls
  2 pharaoh ants
  A death drake (shapeshifter) (Vaults:4)
  2 skysharks
  22 deep trolls
  A spriggan rider (Depths:3)
  2 deep trolls (shapeshifter)
  8 orb spiders
  A swamp dragon (Lair:5)
  2 glowing orange brains
  3 sea snakes
  A flayed ghost (Depths:1)
  13 lindwurms
  6 arcanists
  Pikel (D:7)
  A phantasmal warrior (Vaults:3)
  3 steelbarb worms (Spider:4)
  19 ironbound convokers
  10 deep elf archers
  3 orc knights
  23 deep elf zephyrmancers
  An orc sorcerer (Elf:3)
  32 ugly things
  11 deep elf pyromancers
  7 harpies
  An oklob plant (Lair:4)
  A faun (Shoals:3)
  4 manticores
  9 wolf spiders
  A rust devil (D:15)
  6 moths of wrath
  6 elephants
  A manticore (shapeshifter) (Vaults:4)
  A salamander (D:15)
  5 merfolk sirens
  3 black mambas
  3 water nymphs (Shoals:4)
  An apocalypse crab (Gauntlet)
  10 cyclopes
  A smoke demon (Depths:4)
  3 vault sentinels
  A guardian serpent (shapeshifter) (D:13)
  6 torpor snails
  A guardian serpent (Lair:1)
  3 large abominations
  9 cane toads
  2 gargoyles (D:13)
  7 rime drakes
  6 komodo dragons
  24 yaktaurs
  2 kobold demonologists (D:11)
  2 tengu conjurers
  2 freezing wraiths
  5 trolls
  12 merfolk
  2 wind drakes
  A queen bee (shapeshifter) (Depths:2)
  2 hornets (Depths:3)
  7 blink frogs
  Prince Ribbit (D:8)
  3 polar bears
  A glass eye (Depths:2)
  9 tarantellas
  3 snapping turtles
  8 culicivoras
  16 slime creatures
  11 jumping spiders
  4 air elementals
  2 centaur simulacra (D:14)
  4 wyverns
  3 spriggans (Depths:3)
  25 yaks
  2 vampires
  4 basilisks
  A fire elemental (Elf:1)
  12 water elementals
  A hog (shapeshifter) (D:14)
  2 steam dragons
  23 redbacks
  7 vampire mosquitoes
  A swamp worm (shapeshifter) (Vaults:2)
  4 acid dragons
  2 water moccasins (shapeshifter)
  A deep troll zombie (Vaults:2)
  7 water moccasins
  37 orc warriors
  A meliai simulacrum (D:15)
  An ice beast (D:7)
  2 sky beasts (D:7)
  2 black bears
  18 wolves
  A boggart (Vaults:1)
  4 ogres
  A tengu (shapeshifter) (Depths:2)
  3 phantoms
  10 centaurs
  3 lemures (D:7)
  10 bullfrogs
  9 kobold brigands
  3 water moccasin zombies (Ossuary)
  3 earth elementals
  5 wights
  17 killer bees
  11 electric eels
  3 hounds
  A jelly (D:6)
  14 orc priests
  Jessica (D:2)
  A gnoll bouda (D:6)
  7 iguanas
  2 sleepcaps
  24 orc wizards
  2 hell rats (Lair:3)
  10 adders
  A shadow imp (D:5)
  A white imp (D:4)
  4 ufetubi
  2 adder zombies (Ossuary)
  A worm (D:3)
  4 dart slugs
  51 orcs
  7 endoplasms
  4 giant cockroaches
  7 goblins
  4 hobgoblins
  3 jackals
  2 quokkas
  5 ball pythons
  8 bats
  3 frilled lizards
  7 hobgoblin zombies (Ossuary)
  41 kobolds
  7 kobold zombies (Ossuary)
  5 orc zombies (Ossuary)
  5 rats
1291 creatures vanquished.

Vanquished Creatures (collateral kills)
  2 orbs of fire (Zot:5)
  A juggernaut (Depths:3)
  Sojobo (Vaults:5)
  2 Killer Klowns
  9 golden dragons
  the Enchantress (Depths:2)
  2 electric golems
  A Tzitzimitl (Zot:4)
  16 Orb Guardians (Zot:5)
  A lich (Vaults:5)
  2 tentacled monstrosities
  5 quicksilver dragons
  3 titans
  A deep elf blademaster (Elf:3)
  2 sphinxes (Vaults:5)
  A kraken (Shoals:1)
  3 death cobs
  Frances (Spider:2)
  An Executioner (D:15)
  6 tengu reavers (Vaults:5)
  8 storm dragons
  3 shadow dragons
  3 draconian monks
  A draconian knight (Zot:5)
  3 fire giants
  A frost giant (Depths:3)
  An iron dragon (Vaults:4)
  2 ghost moths (Spider:4)
  4 emperor scorpions
  7 vault wardens
  A draconian scorcher (Zot:5)
  4 ironbound preservers
  A draconian shifter (Zot:5)
  8 very ugly things
  A broodmother (Spider:4)
  5 spriggan defenders
  An ironbound thunderhulk (Vaults:4)
  2 demonspawn corrupters (Zot:5)
  A draconian annihilator (Zot:2)
  A quicksilver ooze (shapeshifter) (Vaults:5)
  2 vampire knights
  3 green draconians
  8 stone giants
  The ghost of Zigemok the Imperceptible, a journeyman SpEn of Dithmenos (Shoals:1)
  2 demonspawn black suns (Zot:5)
  4 deep elf demonologists
  A lorocyproca (Zot:5)
  3 deep elf annihilators
  2 black draconians (Depths:4)
  4 red draconians
  5 dire elephants
  2 spark wasps
  4 white draconians
  A yellow draconian (Zot:4)
  2 deep elf death magi
  4 purple draconians
  3 merfolk javelineers
  4 ettins
  4 crystal guardians
  A fire dragon (shapeshifter) (Vaults:4)
  4 deep elf high priests
  3 fire dragons
  6 merfolk impalers
  3 rakshasas
  7 yaktaur captains
  A hell beast (Depths:1)
  3 entropy weavers
  A catoblepas (Lair:3)
  4 great orbs of eyes
  A hydra (Lair:4)
  3 spriggan air magi
  23 vault guards
  4 ice dragons
  A jorogumo (Spider:3)
  2 merfolk avatars (Shoals:4)
  2 radroaches
  An ironbound frostheart (Vaults:1)
  2 alligator snapping turtles
  A two-headed ogre (D:11)
  4 merfolk aquamancers (Shoals:4)
  3 boulder beetles
  2 centaur warriors
  2 death yaks
  A dancing weapon (Elf:1)
  3 deep troll earth magi
  6 demonic crawlers
  2 vampire magi
  A hell hog (Depths:1)
  3 spriggan berserkers
  An occultist (Depths:2)
  5 soul eaters
  Sonja (D:12)
  2 sun demons (Depths:1)
  5 skysharks
  A deep elf knight (Elf:3)
  3 hell knights (Depths:1)
  4 pharaoh ants
  An iron troll (Depths:1)
  A ghost moth zombie (Zot:1)
  7 sea snakes
  10 deep trolls
  A shadow demon (Zot:5)
  A death drake (Depths:4)
  A phantasmal warrior (Vaults:5)
  7 deep elf archers
  5 arcanists
  3 orb spiders
  5 steelbarb worms
  2 lindwurms
  5 orc knights
  8 harpies
  4 ironbound convokers
  A necromancer (Depths:2)
  A harpy (shapeshifter) (D:14)
  7 ugly things
  8 deep elf pyromancers
  An obsidian statue (Zot:5)
  An orc sorcerer (Orc:2)
  9 deep elf zephyrmancers
  8 wolf spiders
  A cyclops (Shoals:3)
  A manticore (shapeshifter) (Vaults:5)
  9 manticores
  2 merfolk sirens
  6 fauns
  A black mamba (Lair:4)
  6 moths of wrath
  19 elephants
  4 water nymphs
  4 vault sentinels
  5 cane toads
  A smoke demon (Depths:1)
  A torpor snail (Lair:5)
  4 komodo dragons
  2 rime drakes
  10 yaktaurs
  A guardian mummy (Zot:1)
  16 merfolk
  7 wind drakes (Shoals:4)
  2 glass eyes
  A polar bear (Lair:3)
  6 tarantellas
  A troll (D:10)
  6 blink frogs
  4 hornets
  3 snapping turtles (Shoals:4)
  17 slime creatures
  3 air elementals
  9 water elementals
  14 jumping spiders
  13 culicivoras
  6 spriggans
  23 yaks
  3 vampire mosquitoes
  24 redbacks
  3 basilisks
  A steam dragon (Lair:5)
  6 water moccasins
  2 acid dragons
  6 orc warriors
  3 ogres
  12 centaurs
  A boggart (Depths:1)
  3 wolves (Lair:4)
  A kobold brigand (D:11)
  4 bullfrogs
  An earth elemental (Elf:3)
  A wight (D:10)
  A killer bee (D:7)
  A howler monkey (D:11)
  4 electric eels
  3 orc priests
  An iguana (D:6)
  4 orc wizards
  6 hell rats (Lair:3)
  2 mummies (Ossuary)
  An adder (D:2)
  17 orcs
  A goblin (D:1)
  3 tentacles (Shoals:1)
720 creatures vanquished.

Vanquished Creatures (others)
  A caustic shrike (Depths:4)
  6 golden dragons
  A quicksilver dragon (Zot:4)
  2 sphinxes
  9 storm dragons
  2 draconian monks (Zot:4)
  5 shadow dragons
  3 draconian knights
  3 tengu reavers
  2 fire giants (Depths:4)
  3 vault wardens
  3 frost giants
  6 ghost moths
  A deep elf elementalist (Elf:3)
  A draconian shifter (Zot:4)
  4 ironbound preservers
  A very ugly thing (Vaults:3)
  6 stone giants
  A draconian annihilator (Zot:2)
  A Killer Klown zombie (Zot:5)
  2 formless jellyfish
  3 green draconians (Zot:5)
  2 ironbound thunderhulks
  2 black draconians
  2 white draconians (Zot:5)
  2 purple draconians
  A red draconian (Zot:5)
  3 yellow draconians
  2 spark wasps
  2 very ugly thing zombies (Vaults:3)
  6 ettins
  4 fire dragons
  6 yaktaur captains
  2 deep elf high priests (Elf:3)
  2 vault guards
  2 hydras
  3 ice dragons
  4 great orbs of eyes
  2 Orb Guardian zombies (Zot:5)
  2 jorogumos
  2 alligator snapping turtles (Shoals:4)
  An ironbound frostheart (Vaults:2)
  A two-headed ogre (D:6)
  3 centaur warriors (D:15)
  3 merfolk aquamancers
  2 spriggan air magi
  4 spriggan berserkers
  5 deep troll shamans
  An orc high priest (Elf:1)
  7 deep troll earth magi
  A storm dragon zombie (Zot:5)
  A hell knight (Depths:1)
  5 deep elf knights
  A skyshark (Shoals:4)
  2 golden dragon zombies (Zot:5)
  2 sea snakes (Shoals:4)
  4 deep elf archers
  3 deep trolls (Vaults:1)
  2 ghost moth zombies
  9 ironbound convokers
  A glowing orange brain (shapeshifter) (Depths:4)
  3 arcanists (Vaults:4)
  A harpy (Shoals:4)
  A shadow dragon zombie (Zot:5)
  A jorogumo zombie (Spider:2)
  3 ugly thing zombies
  2 steelbarb worms
  9 deep elf pyromancers
  A lindwurm (Vaults:4)
  A wolf spider zombie (Spider:3)
  2 deep elf zephyrmancers (Elf:3)
  A wolf spider (Spider:3)
  A frost giant zombie (Vaults:3)
  A broodmother zombie (Spider:3)
  2 ugly things
  A stone giant zombie (Depths:1)
  2 cyclopes
  7 manticores
  An elephant (Lair:1)
  20 moths of wrath
  7 vault sentinels
  2 water nymphs
  3 torpor snails
  A catoblepas zombie (Shoals:3)
  3 sea snake zombies (Shoals:2)
  3 cane toads
  24 yaktaur zombies
  A komodo dragon (Lair:4)
  A red draconian zombie (Zot:5)
  11 redback zombies
  3 yaktaurs
  An iron troll zombie (Depths:1)
  An orb spider zombie (Spider:4)
  2 steelbarb worm zombies
  A purple draconian zombie (Zot:5)
  5 harpy zombies (Shoals:1)
  A troll (D:14)
  A demonic crawler zombie (Spider:1)
  2 great orb of eyes zombies
  A wind drake (shapeshifter) (D:15)
  2 tarantellas
  A wind drake (Shoals:1)
  A tyrant leech (Gauntlet)
  2 merfolk (Shoals:4)
  A moth of wrath zombie (Zot:5)
  A polar bear (Lair:4)
  A blink frog (Lair:4)
  4 jumping spider zombies
  7 culicivora zombies
  3 snapping turtles
  An ettin zombie (Depths:1)
  A spriggan zombie (Depths:1)
  6 tarantella zombies
  A fire dragon zombie (Depths:1)
  A snapping turtle (shapeshifter) (Depths:2)
  An ice dragon zombie (Depths:1)
  2 slime creatures
  A jumping spider (shapeshifter) (D:10)
  A jumping spider (Spider:2)
  2 yaks (Lair:1)
  A black mamba zombie (Lair:4)
  A culicivora (Spider:1)
  2 water elementals
  4 slime creature zombies
  5 redbacks
  A basilisk (Lair:2)
  A vampire mosquito (D:14)
  A steam dragon (Lair:1)
  A warg (Orc:2)
  7 deep troll zombies
  2 faun zombies (Shoals:2)
  2 merfolk zombies (Shoals:2)
  2 cane toad zombies
  A tengu zombie (Depths:1)
  2 water moccasins (Lair:1)
  A black bear (D:6)
  46 elf zombies
  An orc warrior (D:9)
  A blink frog zombie (Lair:3)
  34 human zombies
  An ogre (Orc:2)
  A boggart (Vaults:1)
  4 lindwurm zombies
  A wolf (Lair:4)
  2 centaurs
  2 vampire mosquito zombies (D:14)
  A rime drake zombie (Lair:3)
  3 bullfrogs
  2 wyvern zombies (Lair:3)
  4 water moccasin zombies
  A scorpion (D:15)
  A wight (D:10)
  A warg zombie (Orc:2)
  A troll zombie (D:10)
  6 yak zombies
  7 wolf zombies
  14 centaur zombies
  A basilisk zombie (Lair:5)
  4 bullfrog zombies
  2 jellies
  A gnoll bouda (Orc:2)
  An iguana (D:10)
  An orc wizard (D:10)
  3 killer bee zombies (D:7)
  3 ogre zombies
  3 hell rat zombies (Lair:3)
  2 adders (D:9)
  A steam dragon zombie (Lair:1)
  2 adder zombies (D:9)
  2 iguana zombies
  A jelly zombie (D:11)
  35 orc zombies
  2 orcs
  A giant cockroach (D:15)
  2 kobold zombies
  9 tentacles (Shoals:1)
593 creatures vanquished.

Grand Total: 2604 creatures vanquished

Table legend:
 A = Non-vault XP
 B = Vault XP
 C = Vault XP percentage of total XP
 D = Non-vault monster count
 E = Vault monster count
 F = Vault count percentage of total count
                 A         B        C        D         E       F
            +---------+---------+-------+---------+---------+-------
      Total |  550808 |  645821 |  54.0 |    1174 |     805 |  40.7
            +---------+---------+-------+---------+---------+-------
        D:1 |      47 |       2 |   4.1 |      23 |       1 |   4.2
        D:2 |      61 |      56 |  47.9 |      14 |       5 |  26.3
        D:3 |      54 |       3 |   5.3 |      14 |       2 |  12.5
        D:4 |     217 |       0 |   0.0 |      19 |       0 |   0.0
        D:5 |     285 |       0 |   0.0 |       6 |       0 |   0.0
        D:6 |     275 |     354 |  56.3 |       7 |       5 |  41.7
        D:7 |    1836 |    1368 |  42.7 |      34 |       6 |  15.0
        D:8 |    1014 |     274 |  21.3 |      32 |       1 |   3.0
        D:9 |    1782 |       0 |   0.0 |      27 |       0 |   0.0
       D:10 |    2062 |    1554 |  43.0 |      19 |      20 |  51.3
       D:11 |    3444 |    1876 |  35.3 |      23 |       4 |  14.8
       D:12 |    6731 |    2411 |  26.4 |      20 |       3 |  13.0
       D:13 |    4793 |    2294 |  32.4 |      17 |      25 |  59.5
       D:14 |   11605 |    3998 |  25.6 |      27 |       8 |  22.9
       D:15 |    5744 |    3063 |  34.8 |      15 |       4 |  21.1
     Lair:1 |    6864 |    3695 |  35.0 |      28 |       7 |  20.0
     Lair:2 |    7479 |     481 |   6.0 |      32 |       1 |   3.0
     Lair:3 |    6281 |    6752 |  51.8 |      25 |      25 |  50.0
     Lair:4 |   10738 |     557 |   4.9 |      33 |       1 |   2.9
     Lair:5 |   13813 |    3823 |  21.7 |      42 |      17 |  28.8
   Shoals:1 |    7761 |    2855 |  26.9 |      14 |       3 |  17.6
   Shoals:2 |   14019 |       0 |   0.0 |      24 |       0 |   0.0
   Shoals:3 |   12263 |   12695 |  50.9 |      22 |      18 |  45.0
   Shoals:4 |   13480 |   26655 |  66.4 |      29 |      55 |  65.5
   Spider:1 |   17524 |       0 |   0.0 |      38 |       0 |   0.0
   Spider:2 |   14683 |    1516 |   9.4 |      32 |       1 |   3.0
   Spider:3 |   19469 |       0 |   0.0 |      41 |       0 |   0.0
   Spider:4 |   13709 |   20849 |  60.3 |      37 |      37 |  50.0
      Orc:1 |    1497 |       0 |   0.0 |      19 |       0 |   0.0
      Orc:2 |    3963 |    4722 |  54.4 |      36 |      37 |  50.7
      Elf:1 |   22596 |    7633 |  25.3 |      37 |      13 |  26.0
      Elf:2 |    9877 |    2454 |  19.9 |      17 |       3 |  15.0
      Elf:3 |   19508 |   33618 |  63.3 |      30 |      29 |  49.2
   Vaults:1 |   26825 |   25919 |  49.1 |      35 |      35 |  50.0
   Vaults:2 |   17999 |   32490 |  64.4 |      27 |      35 |  56.5
   Vaults:3 |   17588 |   20537 |  53.9 |      23 |      30 |  56.6
   Vaults:4 |   25508 |   62572 |  71.0 |      41 |      58 |  58.6
   Vaults:5 |   19027 |   83830 |  81.5 |      28 |      79 |  73.8
   Depths:1 |   16927 |   23627 |  58.3 |      20 |      29 |  59.2
   Depths:2 |   29163 |   40562 |  58.2 |      37 |      41 |  52.6
   Depths:3 |   36282 |   16066 |  30.7 |      46 |      15 |  24.6
   Depths:4 |   33317 |   75876 |  69.5 |      29 |      58 |  66.7
      Zot:1 |    1160 |   12285 |  91.4 |       1 |      11 |  91.7
      Zot:2 |   26364 |       0 |   0.0 |      19 |       0 |   0.0
      Zot:3 |    7438 |       0 |   0.0 |       4 |       0 |   0.0
      Zot:4 |   18208 |       0 |   0.0 |      14 |       0 |   0.0
      Zot:5 |   19528 |   96780 |  83.2 |      17 |      40 |  70.2
    Ossuary |       0 |     306 | 100.0 |       0 |      26 | 100.0
    Volcano |       0 |    4899 | 100.0 |       0 |       6 | 100.0
   Gauntlet |       0 |    4514 | 100.0 |       0 |      11 | 100.0
            +---------+---------+-------+---------+---------+-------

Skill      XL: |  1  2  3  4  5  6  7  8  9 10 11 12 13 14 15 16 17 18 19 20 21 22 23 24 25 26 |
---------------+-------------------------------------------------------------------------------+-----
Fighting       | 1 2 3 4 5 6 8 10 12 14 15 16 18 20 22 24 | 24.4
Necromancy     | 5 6 7 9 10 11 12 14 15 17 19 20 21 23 25 | 25.0
Dodging        | 5 7 10 12 | 12.8
Stealth        | 2 4 7 |  7.0
Spellcasting   | 6 8 10 | 10.0
Short Blades   | 2 6 8 10 13 14 | 14.0
Evocations     | 6 8 |  8.0
Staves         | 4 6 9 10 | 10.0
Earth Magic    | 7 8 10 | 10.0
Shields        | 10 14 15 17 20 | 20.0
Armour         | 4 9 10 11 13 15 | 15.7
Hexes          | 4 |  4.0

Action                     |  1- 3 |  4- 6 |  7- 9 | 10-12 | 13-15 | 16-18 | 19-21 | 22-24 | 25-27 || total
---------------------------+-------+-------+-------+-------+-------+-------+-------+-------+-------++-------
  Melee: Dagger            |    15 |       |       |       |       |       |       |       |       ||    15
         Quarterstaff      |       |    10 |   173 |       |       |       |       |       |       ||   183
         Mace              |       |    12 |    30 |       |       |       |       |       |       ||    42
         Short sword       |       |       |    49 |   337 |       |       |       |       |       ||   386
         Punch             |       |       |     1 |     9 |    15 |       |       |       |       ||    25
         Staff             |       |       |       |   127 |   835 |       |    20 |     6 |       ||   988
         Rapier            |       |       |       |       |       |  1104 |   993 |   651 |       ||  2748
         Hand axe          |       |       |       |       |       |       |   244 |       |       ||   244
         Headbutt          |       |       |       |       |       |       |   118 |   984 |   393 ||  1495
         Quick blade       |       |       |       |       |       |       |       |  1725 |  1091 ||  2816
   Cast: Necrotise         |    44 |   101 |    76 |    75 |       |       |       |       |       ||   296
         Vampiric Draining |       |     3 |    22 |   121 |    35 |     9 |     2 |       |       ||   192
         Animate Dead      |       |       |     5 |     8 |    18 |    22 |    21 |       |     2 ||    76
         Borgnjor's Vile C |       |       |       |     6 |    95 |   186 |   197 |    93 |    38 ||   615
         Anguish           |       |       |       |     1 |     2 |     7 |     6 |     1 |       ||    17
         Death Channel     |       |       |       |       |    25 |    38 |    38 |    23 |    15 ||   139
         Dispel Undead     |       |       |       |       |     3 |       |     2 |    14 |    34 ||    53
         Infestation       |       |       |       |       |       |       |     8 |    38 |    31 ||    77
 Invoke: Unearth Wretches  |       |       |     3 |     6 |     7 |    17 |    16 |    19 |    20 ||    88
         Receive Forbidden |       |       |       |       |     1 |       |       |       |       ||     1
  Evoke: Wand              |       |     4 |    13 |     5 |     2 |    23 |     9 |     3 |     6 ||    65
         Sack of spiders   |       |       |       |       |       |     4 |     2 |     1 |       ||     7
         Phial of floods   |       |       |       |       |       |       |     1 |       |       ||     1
    Use: Potion            |       |     1 |       |       |     4 |     3 |     7 |     9 |    25 ||    49
         Scroll            |       |       |    17 |     5 |    11 |     3 |    19 |    10 |     9 ||    74
   Stab: Sleeping          |       |       |     2 |     2 |     4 |     9 |     5 |     4 |     1 ||    27
         Paralysed         |       |       |     1 |     1 |     1 |     2 |     3 |    10 |     4 ||    22
         Distracted        |       |       |       |     4 |    11 |    26 |    24 |    16 |    10 ||    91
         Invisible         |       |       |       |       |       |     9 |       |     1 |       ||    10
         Held in net/web   |       |       |       |       |       |     1 |       |       |       ||     1
         Confused          |       |       |       |       |       |       |       |    17 |    17 ||    34
         Petrifying        |       |       |       |       |       |       |       |     2 |       ||     2
 Armour: Robe              |    22 |    34 |   236 |   126 |       |       |       |       |       ||   418
         Animal skin       |       |       |       |   306 |   669 |   681 |   504 |    14 |       ||  2174
         Acid dragon scale |       |       |       |       |       |       |       |   557 |   270 ||   827
  Dodge: Dodged            |    24 |    38 |   200 |   339 |   492 |   485 |   245 |   293 |   100 ||  2216
  Block: Other             |       |       |       |       |    30 |       |       |       |       ||    30
         Kite shield       |       |       |       |       |       |  1064 |    95 |       |       ||  1159
         Reflection        |       |       |       |       |       |    18 |    39 |    71 |    12 ||   140
         Tower shield      |       |       |       |       |       |       |  1227 |  1819 |   735 ||  3781

Illustrated notes

Table legend:
 A = Kills in this place as a percentage of kills in the entire game.
 B = Kills by you in this place as a percentage of kills by you in the entire game.
 C = Kills by friends in this place as a percentage of kills by friends in the entire game.
 D = Other kills in this place as a percentage of other kills in the entire game.
 E = Experience gained in this place as a percentage of experience gained in the entire game.
 F = Experience gained in this place divided by the number of levels of this place that you have seen.
                   A       B       C       D       E      F
               +-------+-------+-------+-------+-------+----------------------
         Total | 100.0 | 100.0 | 100.0 | 100.0 | 100.0 | 23781.2
       Dungeon |  19.3 |  25.3 |   9.0 |  17.9 |   5.0 | 4058.2
          Lair |  10.6 |   9.5 |  12.8 |   3.6 |   5.0 | 12096.6
        Shoals |   8.3 |   5.2 |  13.5 |  14.3 |   7.4 | 22432.0
   Spider Nest |   9.3 |   6.9 |  13.7 |   3.6 |   7.2 | 21937.5
  Orcish Mines |   4.6 |   5.9 |   2.5 |   0.0 |   0.8 | 5091.0
   Elven Halls |   6.5 |   7.5 |   4.5 |  10.7 |   7.9 | 31895.3
        Vaults |  19.6 |  18.8 |  20.3 |  35.7 |  27.4 | 66459.0
        Depths |  14.0 |  14.9 |  12.6 |   7.1 |  22.7 | 68870.8
           Zot |   5.7 |   2.9 |  10.7 |   7.1 |  15.7 | 38128.6
       Ossuary |   1.3 |   1.9 |   0.3 |   0.0 |   0.0 | 306.0
       Volcano |   0.3 |   0.5 |   0.0 |   0.0 |   0.4 | 4899.0
      Gauntlet |   0.6 |   0.8 |   0.1 |   0.0 |   0.4 | 4514.0
               +-------+-------+-------+-------+-------+----------------------

Table legend: (Time is in decaauts)
 A = Elapsed time spent in this place.
 B = Non-inter-level travel time spent in this place.
 C = Inter-level travel time spent in this place.
 D = Time resting spent in this place.
 E = Time spent auto-exploring this place.
 F = Levels seen in this place.
 G = Mean time per level.
                   A        B        C        D        E       F      G
               +--------+--------+--------+--------+--------+-----+--------+
         Total |  75074 |  68892 |   6182 |  15949 |  36490 |  51 | 1472.0 |
       Dungeon |  19013 |  16219 |   2794 |   1639 |  11166 |  15 | 1267.5 |
          Lair |   7534 |   6911 |    623 |    842 |   4669 |   5 | 1506.8 |
        Shoals |   4585 |   4134 |    451 |    853 |   2129 |   4 | 1146.2 |
   Spider Nest |   7661 |   7411 |    250 |   1718 |   4411 |   4 | 1915.2 |
    Slime Pits |      1 |      1 |      0 |      0 |      0 |   1 |    1.0 |
  Orcish Mines |   2129 |   1869 |    260 |    467 |   1050 |   2 | 1064.5 |
   Elven Halls |   5501 |   5278 |    223 |   1050 |   2669 |   3 | 1833.7 |
        Vaults |  13936 |  13139 |    797 |   4579 |   5873 |   5 | 2787.2 |
        Depths |  10199 |   9441 |    758 |   2828 |   3774 |   4 | 2549.8 |
           Zot |   3018 |   2995 |     23 |   1461 |    421 |   5 |  603.6 |
       Ossuary |    413 |    413 |      0 |    113 |     48 |   1 |  413.0 |
       Volcano |    466 |    466 |      0 |    252 |     86 |   1 |  466.0 |
      Gauntlet |    611 |    611 |      0 |    145 |    193 |   1 |  611.0 |
               +--------+--------+--------+--------+--------+-----+--------+

Top non-repeatable levels by time:
Vaults:4: 3987 daAuts
Depths:4: 3667 daAuts
Vaults:2: 3314 daAuts
   Elf:3: 3006 daAuts
Vaults:1: 2844 daAuts
Depths:2: 2601 daAuts
Spider:2: 2297 daAuts
Vaults:5: 2119 daAuts
Depths:3: 1992 daAuts
    D:11: 1972 daAuts
Spider:1: 1955 daAuts
  Lair:5: 1947 daAuts
Depths:1: 1938 daAuts
Spider:4: 1913 daAuts
    D:15: 1748 daAuts
